Workbook
Name Average: 'Data for Rough Cost'!$D$111:$D$122
Name Average1: 'Data for Rough Cost'!$DK$2:$DK$5
Name Average10: 'Data for Rough Cost'!$DT$2:$DT$5
Name Average11: 'Data for Rough Cost'!$DU$2:$DU$3
Name Average12: 'Data for Rough Cost'!$DV$2:$DV$3
Name Average2: 'Data for Rough Cost'!$DL$2:$DL$5
Name Average3: 'Data for Rough Cost'!$DM$2:$DM$5
Name Average4: 'Data for Rough Cost'!$DN$2:$DN$5
Name Average5: 'Data for Rough Cost'!$DO$2:$DO$5
Name Average6: 'Data for Rough Cost'!$DP$2:$DP$5
Name Average7: 'Data for Rough Cost'!$DQ$2:$DQ$5
Name Average8: 'Data for Rough Cost'!$DR$2:$DR$5
Name Average9: 'Data for Rough Cost'!$DS$2:$DS$5
Name Categories: 'Data for Rough Cost'!$A$2:$A$3
Name Commercial: 'Data for Rough Cost'!$B$2
Name Custom: 'Data for Rough Cost'!$D$123:$D$132
Name Custom1: 'Data for Rough Cost'!$DW$2:$DW$5
Name Custom10: 'Data for Rough Cost'!$EF$2:$EF$5
Name Custom2: 'Data for Rough Cost'!$DX$2:$DX$5
Name Custom3: 'Data for Rough Cost'!$DY$2:$DY$5
Name Custom4: 'Data for Rough Cost'!$DZ$2:$DZ$5
Name Custom5: 'Data for Rough Cost'!$EA$2:$EA$5
Name Custom6: 'Data for Rough Cost'!$EB$2:$EB$5
Name Custom7: 'Data for Rough Cost'!$EC$2:$EC$5
Name Custom8: 'Data for Rough Cost'!$ED$2:$ED$5
Name Custom9: 'Data for Rough Cost'!$EE$2:$EE$5
Name Default: 'Data for Rough Cost'!$D$2:$D$102
Name Default1: 'Data for Rough Cost'!$F$2:$F$7
Name Default10: 'Data for Rough Cost'!$O$2:$O$7
Name Default100: 'Data for Rough Cost'!$DA$2:$DA$7
Name Default101: 'Data for Rough Cost'!$DB$2:$DB$7
Name Default11: 'Data for Rough Cost'!$P$2:$P$7
Name Default12: 'Data for Rough Cost'!$Q$2:$Q$7
Name Default13: 'Data for Rough Cost'!$R$2:$R$7
Name Default14: 'Data for Rough Cost'!$S$2:$S$7
Name Default15: 'Data for Rough Cost'!$T$2:$T$7
Name Default16: 'Data for Rough Cost'!$U$2:$U$7
Name Default17: 'Data for Rough Cost'!$V$2:$V$7
Name Default18: 'Data for Rough Cost'!$W$2:$W$7
Name Default19: 'Data for Rough Cost'!$X$2:$X$7
Name Default2: 'Data for Rough Cost'!$G$2:$G$7
Name Default20: 'Data for Rough Cost'!$Y$2:$Y$7
Name Default21: 'Data for Rough Cost'!$Z$2:$Z$7
Name Default22: 'Data for Rough Cost'!$AA$2:$AA$7
Name Default23: 'Data for Rough Cost'!$AB$2:$AB$7
Name Default24: 'Data for Rough Cost'!$AC$2:$AC$7
Name Default25: 'Data for Rough Cost'!$AD$2:$AD$7
Name Default26: 'Data for Rough Cost'!$AE$2:$AE$7
Name Default27: 'Data for Rough Cost'!$AF$2:$AF$7
Name Default28: 'Data for Rough Cost'!$AG$2:$AG$7
Name Default29: 'Data for Rough Cost'!$AH$2:$AH$7
Name Default3: 'Data for Rough Cost'!$H$2:$H$7
Name Default30: 'Data for Rough Cost'!$AI$2:$AI$7
Name Default31: 'Data for Rough Cost'!$AJ$2:$AJ$7
Name Default32: 'Data for Rough Cost'!$AK$2:$AK$7
Name Default33: 'Data for Rough Cost'!$AL$2:$AL$7
Name Default34: 'Data for Rough Cost'!$AM$2:$AM$7
Name Default35: 'Data for Rough Cost'!$AN$2:$AN$7
Name Default36: 'Data for Rough Cost'!$AO$2:$AO$7
Name Default37: 'Data for Rough Cost'!$AP$2:$AP$7

Sheet BASE BID
A1: ITEM # | B1: REF. SHEET | C1: DETAIL | D1: CSI SECT | E1: Sub Contractor | F1: DESCRIPTION | G1: QTY. | H1: WASTAGE | I1: QTY WITH WASTAGE | J1: UNIT | K1: UNIT LABOR HOURS | L1: TOTAL LABOR HOURS | M1: PER HOUR LABOR RATE | N1: TOTAL LABOR COST | O1: UNIT MATERIAL COST | P1: TOTAL MATERIAL COST | Q1: ITEM COST | R1: TRADE COST | S1: UNIT ITEM COST WITH MARKUPS | T1: TOTAL ITEM COST WITH MARKUPS
A2: Estimate of Materials Quantities and Cost of Construction
B3: CLICK HERE TO GO BACK TO COST SUMMARY
D4: Sub-Total | E4: =Q116 -> 189392.05 | J4: Date: | K4: 45929
C5: Material Sales Tax | D5: 0.089 | E5: =P116*D5 -> 6266.7896 | F5: (Adjust the percentage for Material tax as required) | J5: Project: | K5: Replacement Of The Lexington Avenue Retaining Wall
C6: Overhead & Profit / Inflation (Material) | D6: 0.1 | E6: =P116*D6 -> 7041.3367 | F6: (Adjust the percentage for Overhead & Profit as required) | J6: Project Location: | K6: City OF Norwalk 11, 19 & 21 Snowden Street
C7: Overhead & Profit (Labor) | D7: 0.14 | E7: =N116*D7 -> 16657.016 | F7: (Adjust the percentage for Overhead & Profit as required) | J7: Project and Wage Type: | K7: Private (Non-Prevailing wage)
C8: Bond Fee | D8: 0.015 | E8: =(E4+E5+E6+E7)*D8 -> 3290.3579 | F8: (Adjust the percentage for Bond Fee as required)
D9: Total Bid | E9: =E4+E5+E6+E7+E8 -> 222647.55 | J9: Gross Internal Area of Structure (SF)
J10: Covered Area of Structure (SF)
C11: Material Wastage 1 | D11: 0 | E11: ( for Quantities in Each & LS) | J11: No. of Units
C12: Material Wastage 2 | D12: 0.05 | E12: ( for Quantities in LF, SF, SY, CY, LBS, TONS) | J12: No. of Floors and Overall Height
B13: (Changing the wastage percentage here will update the wastage for whole tab) | J13: Hardscaping Area (SF) | K13: 0
J14: Soft scaping Area (SF) | K14: 0
B15: To change hourly rates for any trade please go to "Hourly Rates" Tab
A17: ITEM # | B17: REF. SHEET | C17: DETAIL | D17: CSI SECT | E17: Sub Contractor | F17: DESCRIPTION | G17: QTY. | H17: WASTAGE | I17: QTY WITH WASTAGE | J17: UNIT | K17: UNIT LABOR HOURS | L17: TOTAL LABOR HOURS | M17: PER HOUR LABOR RATE | N17: TOTAL LABOR COST | O17: UNIT MATERIAL COST | P17: TOTAL MATERIAL COST | Q17: ITEM COST | R17: TRADE COST | S17: UNIT COST WITH MARKUPS | T17: TOTAL COST WITH MARKUPS
D18: DIV-01 | F18: General | R18: =SUM(Q19:Q65) -> 24839.246 | U18: =SUM(Q67:Q115) -> 164552.81
F20: Plan Design And Permitting
A21: =IF(J21<>"",1+MAX($A$18:A19),"") -> 1 | D21: DIV-01 | E21: General Requirements | F21: Architecture (Assumed By Owner) | G21: 1 | H21: =IF(VLOOKUP(J21,'HOURLY RATES'!B$116:C$124,2,0)=0,$J$3,VLOOKUP(J21,'HOURLY RATES'!B$116:C$124,2,0)) -> 0 | I21: =(G21*(1+H21)) -> 1 | J21: LS | L21: =K21*I21 -> 0 | M21: =IF(VLOOKUP(E21,'HOURLY RATES'!C$6:D$105,2,0)=0,$E$3,VLOOKUP(E21,'HOURLY RATES'!C$6:D$105,2,0)) -> 66.11 | N21: =M21*L21 -> 0 | Q21: =P21+N21 -> 0 | S21: =((((N21*(1+$D$7))+(P21*(1+$D$5+$D$6)))*(1+$D$8)))/I21 -> 0 | T21: =S21*I21 -> 0
A22: =IF(J22<>"",1+MAX($A$18:A21),"") -> 2 | D22: DIV-01 | E22: General Requirements | F22: Engineering (Assumed By Owner) | G22: 1 | H22: =IF(VLOOKUP(J22,'HOURLY RATES'!B$116:C$124,2,0)=0,$J$3,VLOOKUP(J22,'HOURLY RATES'!B$116:C$124,2,0)) -> 0 | I22: =(G22*(1+H22)) -> 1 | J22: LS | L22: =K22*I22 -> 0 | M22: =IF(VLOOKUP(E22,'HOURLY RATES'!C$6:D$105,2,0)=0,$E$3,VLOOKUP(E22,'HOURLY RATES'!C$6:D$105,2,0)) -> 66.11 | N22: =M22*L22 -> 0 | Q22: =P22+N22 -> 0 | S22: =((((N22*(1+$D$7))+(P22*(1+$D$5+$D$6)))*(1+$D$8)))/I22 -> 0 | T22: =S22*I22 -> 0
A23: =IF(J23<>"",1+MAX($A$18:A22),"") -> 3 | D23: DIV-01 | E23: General Requirements | F23: Surveying | G23: 1 | H23: =IF(VLOOKUP(J23,'HOURLY RATES'!B$116:C$124,2,0)=0,$J$3,VLOOKUP(J23,'HOURLY RATES'!B$116:C$124,2,0)) -> 0 | I23: =(G23*(1+H23)) -> 1 | J23: LS | L23: =K23*I23 -> 0 | M23: =IF(VLOOKUP(E23,'HOURLY RATES'!C$6:D$105,2,0)=0,$E$3,VLOOKUP(E23,'HOURLY RATES'!C$6:D$105,2,0)) -> 66.11 | N23: =M23*L23 -> 0 | Q23: =P23+N23 -> 0 | S23: =((((N23*(1+$D$7))+(P23*(1+$D$5+$D$6)))*(1+$D$8)))/I23 -> 0 | T23: =S23*I23 -> 0
A24: =IF(J24<>"",1+MAX($A$18:A23),"") -> 4 | D24: DIV-01 | E24: General Requirements | F24: Soils Report (Assumed By Owner) | G24: 1 | H24: =IF(VLOOKUP(J24,'HOURLY RATES'!B$116:C$124,2,0)=0,$J$3,VLOOKUP(J24,'HOURLY RATES'!B$116:C$124,2,0)) -> 0 | I24: =(G24*(1+H24)) -> 1 | J24: LS | L24: =K24*I24 -> 0 | M24: =IF(VLOOKUP(E24,'HOURLY RATES'!C$6:D$105,2,0)=0,$E$3,VLOOKUP(E24,'HOURLY RATES'!C$6:D$105,2,0)) -> 66.11 | N24: =M24*L24 -> 0 | Q24: =P24+N24 -> 0 | S24: =((((N24*(1+$D$7))+(P24*(1+$D$5+$D$6)))*(1+$D$8)))/I24 -> 0 | T24: =S24*I24 -> 0
A25: =IF(J25<>"",1+MAX($A$18:A24),"") -> 5 | D25: DIV-01 | E25: General Requirements | F25: Geological Report (Assumed By Owner) | G25: 1 | H25: =IF(VLOOKUP(J25,'HOURLY RATES'!B$116:C$124,2,0)=0,$J$3,VLOOKUP(J25,'HOURLY RATES'!B$116:C$124,2,0)) -> 0 | I25: =(G25*(1+H25)) -> 1 | J25: LS | L25: =K25*I25 -> 0 | M25: =IF(VLOOKUP(E25,'HOURLY RATES'!C$6:D$105,2,0)=0,$E$3,VLOOKUP(E25,'HOURLY RATES'!C$6:D$105,2,0)) -> 66.11 | N25: =M25*L25 -> 0 | Q25: =P25+N25 -> 0 | S25: =((((N25*(1+$D$7))+(P25*(1+$D$5+$D$6)))*(1+$D$8)))/I25 -> 0 | T25: =S25*I25 -> 0
A26: =IF(J26<>"",1+MAX($A$18:A25),"") -> 6 | D26: DIV-01 | E26: General Requirements | F26: Concrete Testing | G26: 1 | H26: =IF(VLOOKUP(J26,'HOURLY RATES'!B$116:C$124,2,0)=0,$J$3,VLOOKUP(J26,'HOURLY RATES'!B$116:C$124,2,0)) -> 0 | I26: =(G26*(1+H26)) -> 1 | J26: LS | L26: =K26*I26 -> 0 | M26: =IF(VLOOKUP(E26,'HOURLY RATES'!C$6:D$105,2,0)=0,$E$3,VLOOKUP(E26,'HOURLY RATES'!C$6:D$105,2,0)) -> 66.11 | N26: =M26*L26 -> 0 | Q26: =P26+N26 -> 0 | S26: =((((N26*(1+$D$7))+(P26*(1+$D$5+$D$6)))*(1+$D$8)))/I26 -> 0 | T26: =S26*I26 -> 0
A27: =IF(J27<>"",1+MAX($A$18:A26),"") -> 7 | D27: DIV-01 | E27: General Requirements | F27: Permit Fee | G27: 1 | H27: =IF(VLOOKUP(J27,'HOURLY RATES'!B$116:C$124,2,0)=0,$J$3,VLOOKUP(J27,'HOURLY RATES'!B$116:C$124,2,0)) -> 0 | I27: =(G27*(1+H27)) -> 1 | J27: LS | K27: =1%*($U$18)/M27 -> 24.890759 | L27: =K27*I27 -> 24.890759 | M27: =IF(VLOOKUP(E27,'HOURLY RATES'!C$6:D$105,2,0)=0,$E$3,VLOOKUP(E27,'HOURLY RATES'!C$6:D$105,2,0)) -> 66.11 | N27: =M27*L27 -> 1645.5281 | Q27: =P27+N27 -> 1645.5281 | S27: =((((N27*(1+$D$7))+(P27*(1+$D$5+$D$6)))*(1+$D$8)))/I27 -> 1904.0405 | T27: =S27*I27 -> 1904.0405
A28: =IF(J28<>"",1+MAX($A$18:A27),"") -> 8 | D28: DIV-01 | E28: General Requirements | F28: Permits (Based On Interior Finish Area) | G28: 1 | H28: =IF(VLOOKUP(J28,'HOURLY RATES'!B$116:C$124,2,0)=0,$J$3,VLOOKUP(J28,'HOURLY RATES'!B$116:C$124,2,0)) -> 0 | I28: =(G28*(1+H28)) -> 1 | J28: LS | L28: =K28*I28 -> 0 | M28: =IF(VLOOKUP(E28,'HOURLY RATES'!C$6:D$105,2,0)=0,$E$3,VLOOKUP(E28,'HOURLY RATES'!C$6:D$105,2,0)) -> 66.11 | N28: =M28*L28 -> 0 | Q28: =P28+N28 -> 0 | S28: =((((N28*(1+$D$7))+(P28*(1+$D$5+$D$6)))*(1+$D$8)))/I28 -> 0 | T28: =S28*I28 -> 0
A29: =IF(J29<>"",1+MAX($A$18:A28),"") -> 9 | D29: DIV-01 | E29: General Requirements | F29: Plan Coordination | G29: 1 | H29: =IF(VLOOKUP(J29,'HOURLY RATES'!B$116:C$124,2,0)=0,$J$3,VLOOKUP(J29,'HOURLY RATES'!B$116:C$124,2,0)) -> 0 | I29: =(G29*(1+H29)) -> 1 | J29: LS | L29: =K29*I29 -> 0 | M29: =IF(VLOOKUP(E29,'HOURLY RATES'!C$6:D$105,2,0)=0,$E$3,VLOOKUP(E29,'HOURLY RATES'!C$6:D$105,2,0)) -> 66.11 | N29: =M29*L29 -> 0 | Q29: =P29+N29 -> 0 | S29: =((((N29*(1+$D$7))+(P29*(1+$D$5+$D$6)))*(1+$D$8)))/I29 -> 0 | T29: =S29*I29 -> 0
A30: =IF(J30<>"",1+MAX($A$18:A29),"") -> 10 | D30: DIV-01 | E30: General Requirements | F30: Roof Inspection | G30: 1 | H30: =IF(VLOOKUP(J30,'HOURLY RATES'!B$116:C$124,2,0)=0,$J$3,VLOOKUP(J30,'HOURLY RATES'!B$116:C$124,2,0)) -> 0 | I30: =(G30*(1+H30)) -> 1 | J30: LS | L30: =K30*I30 -> 0 | M30: =IF(VLOOKUP(E30,'HOURLY RATES'!C$6:D$105,2,0)=0,$E$3,VLOOKUP(E30,'HOURLY RATES'!C$6:D$105,2,0)) -> 66.11 | N30: =M30*L30 -> 0 | Q30: =P30+N30 -> 0 | S30: =((((N30*(1+$D$7))+(P30*(1+$D$5+$D$6)))*(1+$D$8)))/I30 -> 0 | T30: =S30*I30 -> 0
A31: =IF(J31<>"",1+MAX($A$18:A30),"") -> 11 | D31: DIV-01 | E31: General Requirements | F31: Blueprints (?? Pages) | G31: 1 | H31: =IF(VLOOKUP(J31,'HOURLY RATES'!B$116:C$124,2,0)=0,$J$3,VLOOKUP(J31,'HOURLY RATES'!B$116:C$124,2,0)) -> 0 | I31: =(G31*(1+H31)) -> 1 | J31: LS | L31: =K31*I31 -> 0 | M31: =IF(VLOOKUP(E31,'HOURLY RATES'!C$6:D$105,2,0)=0,$E$3,VLOOKUP(E31,'HOURLY RATES'!C$6:D$105,2,0)) -> 66.11 | N31: =M31*L31 -> 0 | Q31: =P31+N31 -> 0 | S31: =((((N31*(1+$D$7))+(P31*(1+$D$5+$D$6)))*(1+$D$8)))/I31 -> 0 | T31: =S31*I31 -> 0
A32: =IF(J32<>"",1+MAX($A$18:A31),"")
A33: =IF(J33<>"",1+MAX($A$18:A32),"") | F33: Utilities
A34: =IF(J34<>"",1+MAX($A$18:A33),"") -> 12 | D34: DIV-01 | E34: General Requirements | F34: Utilities During Construction (Based On Interior Finish Area) | G34: 1 | H34: =IF(VLOOKUP(J34,'HOURLY RATES'!B$116:C$124,2,0)=0,$J$3,VLOOKUP(J34,'HOURLY RATES'!B$116:C$124,2,0)) -> 0 | I34: =(G34*(1+H34)) -> 1 | J34: LS | K34: =0.288%*(U18)/M34 -> 7.1685386 | L34: =K34*I34 -> 7.1685386 | M34: =IF(VLOOKUP(E34,'HOURLY RATES'!C$6:D$105,2,0)=0,$E$3,VLOOKUP(E34,'HOURLY RATES'!C$6:D$105,2,0)) -> 66.11 | N34: =M34*L34 -> 473.91209 | Q34: =P34+N34 -> 473.91209 | S34: =((((N34*(1+$D$7))+(P34*(1+$D$5+$D$6)))*(1+$D$8)))/I34 -> 548.36367 | T34: =S34*I34 -> 548.36367
A35: =IF(J35<>"",1+MAX($A$18:A34),"") -> 13 | D35: DIV-01 | E35: General Requirements | F35: Port-O-Potty (Based On Interior Finish Area) | G35: 1 | H35: =IF(VLOOKUP(J35,'HOURLY RATES'!B$116:C$124,2,0)=0,$J$3,VLOOKUP(J35,'HOURLY RATES'!B$116:C$124,2,0)) -> 0 | I35: =(G35*(1+H35)) -> 1 | J35: LS | K35: =0.257%*(U18)/M35 -> 6.396925 | L35: =K35*I35 -> 6.396925 | M35: =IF(VLOOKUP(E35,'HOURLY RATES'!C$6:D$105,2,0)=0,$E$3,VLOOKUP(E35,'HOURLY RATES'!C$6:D$105,2,0)) -> 66.11 | N35: =M35*L35 -> 422.90071 | Q35: =P35+N35 -> 422.90071 | S35: =((((N35*(1+$D$7))+(P35*(1+$D$5+$D$6)))*(1+$D$8)))/I35 -> 489.33842 | T35: =S35*I35 -> 489.33842
A36: =IF(J36<>"",1+MAX($A$18:A35),"") -> 14 | D36: DIV-01 | E36: General Requirements | F36: Temporary Power (Based On Interior Finish Area) | G36: 1 | H36: =IF(VLOOKUP(J36,'HOURLY RATES'!B$116:C$124,2,0)=0,$J$3,VLOOKUP(J36,'HOURLY RATES'!B$116:C$124,2,0)) -> 0 | I36: =(G36*(1+H36)) -> 1 | J36: LS | K36: =0.65%*(U18)/M36 -> 16.178993 | L36: =K36*I36 -> 16.178993 | M36: =IF(VLOOKUP(E36,'HOURLY RATES'!C$6:D$105,2,0)=0,$E$3,VLOOKUP(E36,'HOURLY RATES'!C$6:D$105,2,0)) -> 66.11 | N36: =M36*L36 -> 1069.5932 | Q36: =P36+N36 -> 1069.5932 | S36: =((((N36*(1+$D$7))+(P36*(1+$D$5+$D$6)))*(1+$D$8)))/I36 -> 1237.6263 | T36: =S36*I36 -> 1237.6263
A37: =IF(J37<>"",1+MAX($A$18:A36),"")
A38: =IF(J38<>"",1+MAX($A$18:A37),"") | F38: Equipment And Tools
A39: =IF(J39<>"",1+MAX($A$18:A38),"") -> 15 | D39: DIV-01 | E39: General Requirements | F39: Tool Rentals | G39: 1 | H39: =IF(VLOOKUP(J39,'HOURLY RATES'!B$116:C$124,2,0)=0,$J$3,VLOOKUP(J39,'HOURLY RATES'!B$116:C$124,2,0)) -> 0 | I39: =(G39*(1+H39)) -> 1 | J39: LS | L39: =K39*I39 -> 0 | M39: =IF(VLOOKUP(E39,'HOURLY RATES'!C$6:D$105,2,0)=0,$E$3,VLOOKUP(E39,'HOURLY RATES'!C$6:D$105,2,0)) -> 66.11 | N39: =M39*L39 -> 0 | Q39: =P39+N39 -> 0 | S39: =((((N39*(1+$D$7))+(P39*(1+$D$5+$D$6)))*(1+$D$8)))/I39 -> 0 | T39: =S39*I39 -> 0
A40: =IF(J40<>"",1+MAX($A$18:A39),"") -> 16 | D40: DIV-01 | E40: General Requirements | F40: Tool Shed | G40: 1 | H40: =IF(VLOOKUP(J40,'HOURLY RATES'!B$116:C$124,2,0)=0,$J$3,VLOOKUP(J40,'HOURLY RATES'!B$116:C$124,2,0)) -> 0 | I40: =(G40*(1+H40)) -> 1 | J40: LS | L40: =K40*I40 -> 0 | M40: =IF(VLOOKUP(E40,'HOURLY RATES'!C$6:D$105,2,0)=0,$E$3,VLOOKUP(E40,'HOURLY RATES'!C$6:D$105,2,0)) -> 66.11 | N40: =M40*L40 -> 0 | Q40: =P40+N40 -> 0 | S40: =((((N40*(1+$D$7))+(P40*(1+$D$5+$D$6)))*(1+$D$8)))/I40 -> 0 | T40: =S40*I40 -> 0
A41: =IF(J41<>"",1+MAX($A$18:A40),"") -> 17 | D41: DIV-01 | E41: General Requirements | F41: Dust Control | G41: 1 | H41: =IF(VLOOKUP(J41,'HOURLY RATES'!B$116:C$124,2,0)=0,$J$3,VLOOKUP(J41,'HOURLY RATES'!B$116:C$124,2,0)) -> 0 | I41: =(G41*(1+H41)) -> 1 | J41: LS | L41: =K41*I41 -> 0 | M41: =IF(VLOOKUP(E41,'HOURLY RATES'!C$6:D$105,2,0)=0,$E$3,VLOOKUP(E41,'HOURLY RATES'!C$6:D$105,2,0)) -> 66.11 | N41: =M41*L41 -> 0 | Q41: =P41+N41 -> 0 | S41: =((((N41*(1+$D$7))+(P41*(1+$D$5+$D$6)))*(1+$D$8)))/I41 -> 0 | T41: =S41*I41 -> 0
A42: =IF(J42<>"",1+MAX($A$18:A41),"") -> 18 | D42: DIV-01 | E42: General Requirements | F42: Ice, Water, Beverages | G42: 1 | H42: =IF(VLOOKUP(J42,'HOURLY RATES'!B$116:C$124,2,0)=0,$J$3,VLOOKUP(J42,'HOURLY RATES'!B$116:C$124,2,0)) -> 0 | I42: =(G42*(1+H42)) -> 1 | J42: LS | L42: =K42*I42 -> 0 | M42: =IF(VLOOKUP(E42,'HOURLY RATES'!C$6:D$105,2,0)=0,$E$3,VLOOKUP(E42,'HOURLY RATES'!C$6:D$105,2,0)) -> 66.11 | N42: =M42*L42 -> 0 | Q42: =P42+N42 -> 0 | S42: =((((N42*(1+$D$7))+(P42*(1+$D$5+$D$6)))*(1+$D$8)))/I42 -> 0 | T42: =S42*I42 -> 0
A43: =IF(J43<>"",1+MAX($A$18:A42),"") -> 19 | D43: DIV-01 | E43: General Requirements | F43: Garbage Dumpster / Trash Containers | G43: 1 | H43: =IF(VLOOKUP(J43,'HOURLY RATES'!B$116:C$124,2,0)=0,$J$3,VLOOKUP(J43,'HOURLY RATES'!B$116:C$124,2,0)) -> 0 | I43: =(G43*(1+H43)) -> 1 | J43: LS | L43: =K43*I43 -> 0 | M43: =IF(VLOOKUP(E43,'HOURLY RATES'!C$6:D$105,2,0)=0,$E$3,VLOOKUP(E43,'HOURLY RATES'!C$6:D$105,2,0)) -> 66.11 | N43: =M43*L43 -> 0 | Q43: =P43+N43 -> 0 | S43: =((((N43*(1+$D$7))+(P43*(1+$D$5+$D$6)))*(1+$D$8)))/I43 -> 0 | T43: =S43*I43 -> 0
A44: =IF(J44<>"",1+MAX($A$18:A43),"") -> 20 | D44: DIV-01 | E44: General Requirements | F44: Mobilization/Demobilization (Temporary Control & Facilities) | G44: 1 | H44: =IF(VLOOKUP(J44,'HOURLY RATES'!B$116:C$124,2,0)=0,$J$3,VLOOKUP(J44,'HOURLY RATES'!B$116:C$124,2,0)) -> 0 | I44: =(G44*(1+H44)) -> 1 | J44: LS | K44: =4%*($U$18)/M44 -> 99.563036 | L44: =K44*I44 -> 99.563036 | M44: =IF(VLOOKUP(E44,'HOURLY RATES'!C$6:D$105,2,0)=0,$E$3,VLOOKUP(E44,'HOURLY RATES'!C$6:D$105,2,0)) -> 66.11 | N44: =M44*L44 -> 6582.1123 | Q44: =P44+N44 -> 6582.1123 | S44: =((((N44*(1+$D$7))+(P44*(1+$D$5+$D$6)))*(1+$D$8)))/I44 -> 7616.1621 | T44: =S44*I44 -> 7616.1621
A45: =IF(J45<>"",1+MAX($A$18:A44),"")
A46: =IF(J46<>"",1+MAX($A$18:A45),"") | F46: Signage And Promotion
A47: =IF(J47<>"",1+MAX($A$18:A46),"") -> 21 | D47: DIV-01 | E47: General Requirements | F47: Job Signs | G47: 1 | H47: =IF(VLOOKUP(J47,'HOURLY RATES'!B$116:C$124,2,0)=0,$J$3,VLOOKUP(J47,'HOURLY RATES'!B$116:C$124,2,0)) -> 0 | I47: =(G47*(1+H47)) -> 1 | J47: LS | L47: =K47*I47 -> 0 | M47: =IF(VLOOKUP(E47,'HOURLY RATES'!C$6:D$105,2,0)=0,$E$3,VLOOKUP(E47,'HOURLY RATES'!C$6:D$105,2,0)) -> 66.11 | N47: =M47*L47 -> 0 | Q47: =P47+N47 -> 0 | S47: =((((N47*(1+$D$7))+(P47*(1+$D$5+$D$6)))*(1+$D$8)))/I47 -> 0 | T47: =S47*I47 -> 0
A48: =IF(J48<>"",1+MAX($A$18:A47),"") -> 22 | D48: DIV-01 | E48: General Requirements | F48: Job Photos | G48: 1 | H48: =IF(VLOOKUP(J48,'HOURLY RATES'!B$116:C$124,2,0)=0,$J$3,VLOOKUP(J48,'HOURLY RATES'!B$116:C$124,2,0)) -> 0 | I48: =(G48*(1+H48)) -> 1 | J48: LS | L48: =K48*I48 -> 0 | M48: =IF(VLOOKUP(E48,'HOURLY RATES'!C$6:D$105,2,0)=0,$E$3,VLOOKUP(E48,'HOURLY RATES'!C$6:D$105,2,0)) -> 66.11 | N48: =M48*L48 -> 0 | Q48: =P48+N48 -> 0 | S48: =((((N48*(1+$D$7))+(P48*(1+$D$5+$D$6)))*(1+$D$8)))/I48 -> 0 | T48: =S48*I48 -> 0
A49: =IF(J49<>"",1+MAX($A$18:A48),"") -> 23 | D49: DIV-01 | E49: General Requirements | F49: Signage | G49: 1 | H49: =IF(VLOOKUP(J49,'HOURLY RATES'!B$116:C$124,2,0)=0,$J$3,VLOOKUP(J49,'HOURLY RATES'!B$116:C$124,2,0)) -> 0 | I49: =(G49*(1+H49)) -> 1 | J49: LS | L49: =K49*I49 -> 0 | M49: =IF(VLOOKUP(E49,'HOURLY RATES'!C$6:D$105,2,0)=0,$E$3,VLOOKUP(E49,'HOURLY RATES'!C$6:D$105,2,0)) -> 66.11 | N49: =M49*L49 -> 0 | Q49: =P49+N49 -> 0 | S49: =((((N49*(1+$D$7))+(P49*(1+$D$5+$D$6)))*(1+$D$8)))/I49 -> 0 | T49: =S49*I49 -> 0
A50: =IF(J50<>"",1+MAX($A$18:A49),"") -> 24 | D50: DIV-01 | E50: General Requirements | F50: Promotion/Entertainment | G50: 1 | H50: =IF(VLOOKUP(J50,'HOURLY RATES'!B$116:C$124,2,0)=0,$J$3,VLOOKUP(J50,'HOURLY RATES'!B$116:C$124,2,0)) -> 0 | I50: =(G50*(1+H50)) -> 1 | J50: LS | L50: =K50*I50 -> 0 | M50: =IF(VLOOKUP(E50,'HOURLY RATES'!C$6:D$105,2,0)=0,$E$3,VLOOKUP(E50,'HOURLY RATES'!C$6:D$105,2,0)) -> 66.11 | N50: =M50*L50 -> 0 | Q50: =P50+N50 -> 0 | S50: =((((N50*(1+$D$7))+(P50*(1+$D$5+$D$6)))*(1+$D$8)))/I50 -> 0 | T50: =S50*I50 -> 0
A51: =IF(J51<>"",1+MAX($A$18:A50),"") -> 25 | D51: DIV-01 | E51: General Requirements | F51: Misc. | G51: 1 | H51: =IF(VLOOKUP(J51,'HOURLY RATES'!B$116:C$124,2,0)=0,$J$3,VLOOKUP(J51,'HOURLY RATES'!B$116:C$124,2,0)) -> 0 | I51: =(G51*(1+H51)) -> 1 | J51: LS | L51: =K51*I51 -> 0 | M51: =IF(VLOOKUP(E51,'HOURLY RATES'!C$6:D$105,2,0)=0,$E$3,VLOOKUP(E51,'HOURLY RATES'!C$6:D$105,2,0)) -> 66.11 | N51: =M51*L51 -> 0 | Q51: =P51+N51 -> 0 | S51: =((((N51*(1+$D$7))+(P51*(1+$D$5+$D$6)))*(1+$D$8)))/I51 -> 0 | T51: =S51*I51 -> 0
A52: =IF(J52<>"",1+MAX($A$18:A51),"")
A53: =IF(J53<>"",1+MAX($A$18:A52),"") | F53: Cleaning And Final
A54: =IF(J54<>"",1+MAX($A$18:A53),"") -> 26 | D54: DIV-01 | E54: General Requirements | F54: Trash | G54: 1 | H54: =IF(VLOOKUP(J54,'HOURLY RATES'!B$116:C$124,2,0)=0,$J$3,VLOOKUP(J54,'HOURLY RATES'!B$116:C$124,2,0)) -> 0 | I54: =(G54*(1+H54)) -> 1 | J54: LS | L54: =K54*I54 -> 0 | M54: =IF(VLOOKUP(E54,'HOURLY RATES'!C$6:D$105,2,0)=0,$E$3,VLOOKUP(E54,'HOURLY RATES'!C$6:D$105,2,0)) -> 66.11 | N54: =M54*L54 -> 0 | Q54: =P54+N54 -> 0 | S54: =((((N54*(1+$D$7))+(P54*(1+$D$5+$D$6)))*(1+$D$8)))/I54 -> 0 | T54: =S54*I54 -> 0
A55: =IF(J55<>"",1+MAX($A$18:A54),"") -> 27 | D55: DIV-01 | E55: General Requirements | F55: Final Cleaning | G55: 1 | H55: =IF(VLOOKUP(J55,'HOURLY RATES'!B$116:C$124,2,0)=0,$J$3,VLOOKUP(J55,'HOURLY RATES'!B$116:C$124,2,0)) -> 0 | I55: =(G55*(1+H55)) -> 1 | J55: LS | K55: =0.65%*(U18)/M55 -> 16.178993 | L55: =K55*I55 -> 16.178993 | M55: =IF(VLOOKUP(E55,'HOURLY RATES'!C$6:D$105,2,0)=0,$E$3,VLOOKUP(E55,'HOURLY RATES'!C$6:D$105,2,0)) -> 66.11 | N55: =M55*L55 -> 1069.5932 | Q55: =P55+N55 -> 1069.5932 | S55: =((((N55*(1+$D$7))+(P55*(1+$D$5+$D$6)))*(1+$D$8)))/I55 -> 1237.6263 | T55: =S55*I55 -> 1237.6263
A56: =IF(J56<>"",1+MAX($A$18:A55),"") -> 28 | D56: DIV-01 | E56: General Requirements | F56: Window Washing (Rough # Of Windows ) | G56: 1 | H56: =IF(VLOOKUP(J56,'HOURLY RATES'!B$116:C$124,2,0)=0,$J$3,VLOOKUP(J56,'HOURLY RATES'!B$116:C$124,2,0)) -> 0 | I56: =(G56*(1+H56)) -> 1 | J56: LS | L56: =K56*I56 -> 0 | M56: =IF(VLOOKUP(E56,'HOURLY RATES'!C$6:D$105,2,0)=0,$E$3,VLOOKUP(E56,'HOURLY RATES'!C$6:D$105,2,0)) -> 66.11 | N56: =M56*L56 -> 0 | Q56: =P56+N56 -> 0 | S56: =((((N56*(1+$D$7))+(P56*(1+$D$5+$D$6)))*(1+$D$8)))/I56 -> 0 | T56: =S56*I56 -> 0
A57: =IF(J57<>"",1+MAX($A$18:A56),"") -> 29 | D57: DIV-01 | E57: General Requirements | F57: Punch List Items | G57: 1 | H57: =IF(VLOOKUP(J57,'HOURLY RATES'!B$116:C$124,2,0)=0,$J$3,VLOOKUP(J57,'HOURLY RATES'!B$116:C$124,2,0)) -> 0 | I57: =(G57*(1+H57)) -> 1 | J57: LS | L57: =K57*I57 -> 0 | M57: =IF(VLOOKUP(E57,'HOURLY RATES'!C$6:D$105,2,0)=0,$E$3,VLOOKUP(E57,'HOURLY RATES'!C$6:D$105,2,0)) -> 66.11 | N57: =M57*L57 -> 0 | Q57: =P57+N57 -> 0 | S57: =((((N57*(1+$D$7))+(P57*(1+$D$5+$D$6)))*(1+$D$8)))/I57 -> 0 | T57: =S57*I57 -> 0
A58: =IF(J58<>"",1+MAX($A$18:A57),"")
A59: =IF(J59<>"",1+MAX($A$18:A58),"") | F59: Bonds, Insurance, Legal
A60: =IF(J60<>"",1+MAX($A$18:A59),"") -> 30 | D60: DIV-01 | E60: General Requirements | F60: Casualty Insurance | G60: 1 | H60: =IF(VLOOKUP(J60,'HOURLY RATES'!B$116:C$124,2,0)=0,$J$3,VLOOKUP(J60,'HOURLY RATES'!B$116:C$124,2,0)) -> 0 | I60: =(G60*(1+H60)) -> 1 | J60: LS | L60: =K60*I60 -> 0 | M60: =IF(VLOOKUP(E60,'HOURLY RATES'!C$6:D$105,2,0)=0,$E$3,VLOOKUP(E60,'HOURLY RATES'!C$6:D$105,2,0)) -> 66.11 | N60: =M60*L60 -> 0 | Q60: =P60+N60 -> 0 | S60: =((((N60*(1+$D$7))+(P60*(1+$D$5+$D$6)))*(1+$D$8)))/I60 -> 0 | T60: =S60*I60 -> 0
A61: =IF(J61<>"",1+MAX($A$18:A60),"") -> 31 | D61: DIV-01 | E61: General Requirements | F61: Medical Insurance | G61: 1 | H61: =IF(VLOOKUP(J61,'HOURLY RATES'!B$116:C$124,2,0)=0,$J$3,VLOOKUP(J61,'HOURLY RATES'!B$116:C$124,2,0)) -> 0 | I61: =(G61*(1+H61)) -> 1 | J61: LS | L61: =K61*I61 -> 0 | M61: =IF(VLOOKUP(E61,'HOURLY RATES'!C$6:D$105,2,0)=0,$E$3,VLOOKUP(E61,'HOURLY RATES'!C$6:D$105,2,0)) -> 66.11 | N61: =M61*L61 -> 0 | Q61: =P61+N61 -> 0 | S61: =((((N61*(1+$D$7))+(P61*(1+$D$5+$D$6)))*(1+$D$8)))/I61 -> 0 | T61: =S61*I61 -> 0
A62: =IF(J62<>"",1+MAX($A$18:A61),"") -> 32 | D62: DIV-01 | E62: General Requirements | F62: General Liability Insurance | G62: 1 | H62: =IF(VLOOKUP(J62,'HOURLY RATES'!B$116:C$124,2,0)=0,$J$3,VLOOKUP(J62,'HOURLY RATES'!B$116:C$124,2,0)) -> 0 | I62: =(G62*(1+H62)) -> 1 | J62: LS | L62: =K62*I62 -> 0 | M62: =IF(VLOOKUP(E62,'HOURLY RATES'!C$6:D$105,2,0)=0,$E$3,VLOOKUP(E62,'HOURLY RATES'!C$6:D$105,2,0)) -> 66.11 | N62: =M62*L62 -> 0 | Q62: =P62+N62 -> 0 | S62: =((((N62*(1+$D$7))+(P62*(1+$D$5+$D$6)))*(1+$D$8)))/I62 -> 0 | T62: =S62*I62 -> 0
A63: =IF(J63<>"",1+MAX($A$18:A62),"")
A64: =IF(J64<>"",1+MAX($A$18:A63),"") | F64: Project Management & Supervision
A65: =IF(J65<>"",1+MAX($A$18:A64),"") -> 33 | D65: DIV-01 | E65: General Requirements | F65: Project Management & Supervision | G65: 1 | H65: =IF(VLOOKUP(J65,'HOURLY RATES'!B$116:C$124,2,0)=0,$J$3,VLOOKUP(J65,'HOURLY RATES'!B$116:C$124,2,0)) -> 0 | I65: =(G65*(1+H65)) -> 1 | J65: LS | K65: =8.25%*($U$18)/M65 -> 205.34876 | L65: =K65*I65 -> 205.34876 | M65: =IF(VLOOKUP(E65,'HOURLY RATES'!C$6:D$105,2,0)=0,$E$3,VLOOKUP(E65,'HOURLY RATES'!C$6:D$105,2,0)) -> 66.11 | N65: =M65*L65 -> 13575.607 | Q65: =P65+N65 -> 13575.607 | S65: =((((N65*(1+$D$7))+(P65*(1+$D$5+$D$6)))*(1+$D$8)))/I65 -> 15708.334 | T65: =S65*I65 -> 15708.334
A66: =IF(J66<>"",1+MAX($A$18:A65),"")
A67: =IF(J67<>"",1+MAX($A$18:A66),"") | D67: DIV-32 | F67: Exterior Improvements | R67: =SUM(Q68:Q110) -> 156824.59
A68: =IF(J68<>"",1+MAX($A$18:A67),"")
A69: =IF(J69<>"",1+MAX($A$18:A68),"") | F69: Cont. Footing
A70: =IF(J70<>"",1+MAX($A$18:A69),"") -> 34 | B70: PLN-1 | C70: RW-1 | D70: DIV-32 | E70: Site Concrete | F70: 4'-6" X 1'-0" Concrete Footing W/ -#5 @12" O.C & (4) #5 Bars Top And (2) #5 Bars Bottom, #6 Dowels At 24" O.C (2'-6" L) | I70: 110 | J70: LF
A71: =IF(J71<>"",1+MAX($A$18:A70),"") -> 35 | B71: PLN-1 | C71: RW-1 | D71: DIV-32 | E71: Earth worker | F71: Excavation | G71: =(I70*7.33*4.5)/27 -> 134.38333 | H71: =IF(VLOOKUP(J71,'HOURLY RATES'!B$116:C$124,2,0)=0,$J$3,VLOOKUP(J71,'HOURLY RATES'!B$116:C$124,2,0)) -> 0.05 | I71: =(G71*(1+H71)) -> 141.1025 | J71: CY | K71: 0.385 | L71: =K71*I71 -> 54.324462 | M71: =IF(VLOOKUP(E71,'HOURLY RATES'!C$6:D$105,2,0)=0,$E$3,VLOOKUP(E71,'HOURLY RATES'!C$6:D$105,2,0)) -> 110.14 | N71: =M71*L71 -> 5983.2963 | P71: =O71*I71 -> 0 | Q71: =P71+N71 -> 5983.2963 | S71: =((((N71*(1+$D$7))+(P71*(1+$D$5+$D$6)))*(1+$D$8)))/I71 -> 49.065553 | T71: =S71*I71 -> 6923.2721
A72: =IF(J72<>"",1+MAX($A$18:A71),"") -> 36 | B72: PLN-1 | C72: RW-1 | D72: DIV-32 | E72: Site Concrete | F72: Concrete 3000 Psi | G72: =(4.5*1*I70)/27 -> 18.333333 | H72: =IF(VLOOKUP(J72,'HOURLY RATES'!B$116:C$124,2,0)=0,$J$3,VLOOKUP(J72,'HOURLY RATES'!B$116:C$124,2,0)) -> 0.05 | I72: =(G72*(1+H72)) -> 19.25 | J72: CY | K72: 2.5 | L72: =K72*I72 -> 48.125 | M72: =IF(VLOOKUP(E72,'HOURLY RATES'!C$6:D$105,2,0)=0,$E$3,VLOOKUP(E72,'HOURLY RATES'!C$6:D$105,2,0)) -> 65 | N72: =M72*L72 -> 3128.125 | O72: 232.3 | P72: =O72*I72 -> 4471.775 | Q72: =P72+N72 -> 7599.9 | S72: =((((N72*(1+$D$7))+(P72*(1+$D$5+$D$6)))*(1+$D$8)))/I72 -> 468.37652 | T72: =S72*I72 -> 9016.248
A73: =IF(J73<>"",1+MAX($A$18:A72),"") -> 37 | B73: PLN-1 | C73: RW-1 | D73: DIV-32 | E73: Site Concrete | F73: Formwork | G73: =(1*I70)*2 -> 220 | H73: =IF(VLOOKUP(J73,'HOURLY RATES'!B$116:C$124,2,0)=0,$J$3,VLOOKUP(J73,'HOURLY RATES'!B$116:C$124,2,0)) -> 0.05 | I73: =(G73*(1+H73)) -> 231 | J73: SF | K73: 0.06 | L73: =K73*I73 -> 13.86 | M73: =IF(VLOOKUP(E73,'HOURLY RATES'!C$6:D$105,2,0)=0,$E$3,VLOOKUP(E73,'HOURLY RATES'!C$6:D$105,2,0)) -> 65 | N73: =M73*L73 -> 900.9 | O73: 1.723 | P73: =O73*I73 -> 398.013 | Q73: =P73+N73 -> 1298.913 | S73: =((((N73*(1+$D$7))+(P73*(1+$D$5+$D$6)))*(1+$D$8)))/I73 -> 6.5920667 | T73: =S73*I73 -> 1522.7674
A74: =IF(J74<>"",1+MAX($A$18:A73),"") -> 38 | B74: PLN-1 | C74: RW-1 | D74: DIV-02 | E74: Earth worker | F74: Backfilling | G74: =2*5.33*I70/27 -> 43.42963 | H74: =IF(VLOOKUP(J74,'HOURLY RATES'!B$116:C$124,2,0)=0,$J$3,VLOOKUP(J74,'HOURLY RATES'!B$116:C$124,2,0)) -> 0.05 | I74: =(G74*(1+H74)) -> 45.601111 | J74: CY | K74: 1.443 | L74: =K74*I74 -> 65.802403 | M74: =IF(VLOOKUP(E74,'HOURLY RATES'!C$6:D$105,2,0)=0,$E$3,VLOOKUP(E74,'HOURLY RATES'!C$6:D$105,2,0)) -> 110.14 | N74: =M74*L74 -> 7247.4767 | P74: =O74*I74 -> 0 | Q74: =P74+N74 -> 7247.4767 | S74: =((((N74*(1+$D$7))+(P74*(1+$D$5+$D$6)))*(1+$D$8)))/I74 -> 183.90024 | T74: =S74*I74 -> 8386.0553
A75: =IF(J75<>"",1+MAX($A$18:A74),"") -> 39 | B75: PLN-1 | C75: RW-1 | D75: DIV-02 | E75: Earth worker | F75: Hauling | G75: =G71-G74 -> 90.953704 | H75: =IF(VLOOKUP(J75,'HOURLY RATES'!B$116:C$124,2,0)=0,$J$3,VLOOKUP(J75,'HOURLY RATES'!B$116:C$124,2,0)) -> 0.05 | I75: =(G75*(1+H75)) -> 95.501389 | J75: CY | K75: 1.5 | L75: =K75*I75 -> 143.25208 | M75: =IF(VLOOKUP(E75,'HOURLY RATES'!C$6:D$105,2,0)=0,$E$3,VLOOKUP(E75,'HOURLY RATES'!C$6:D$105,2,0)) -> 110.14 | N75: =M75*L75 -> 15777.784 | P75: =O75*I75 -> 0 | Q75: =P75+N75 -> 15777.784 | S75: =((((N75*(1+$D$7))+(P75*(1+$D$5+$D$6)))*(1+$D$8)))/I75 -> 191.16449 | T75: =S75*I75 -> 18256.474
A76: =IF(J76<>"",1+MAX($A$18:A75),"") -> 40 | B76: PLN-1 | C76: RW-1 | D76: DIV-32 | E76: Site Concrete | F76: #5 Reinforcement=1159 Lf | G76: 1209 | H76: =IF(VLOOKUP(J76,'HOURLY RATES'!B$116:C$124,2,0)=0,$J$3,VLOOKUP(J76,'HOURLY RATES'!B$116:C$124,2,0)) -> 0.05 | I76: =(G76*(1+H76)) -> 1269.45 | J76: LBS | K76: 0.01 | L76: =K76*I76 -> 12.6945 | M76: =IF(VLOOKUP(E76,'HOURLY RATES'!C$6:D$105,2,0)=0,$E$3,VLOOKUP(E76,'HOURLY RATES'!C$6:D$105,2,0)) -> 65 | N76: =M76*L76 -> 825.1425 | O76: 0.934 | P76: =O76*I76 -> 1185.6663 | Q76: =P76+N76 -> 2010.8088 | S76: =((((N76*(1+$D$7))+(P76*(1+$D$5+$D$6)))*(1+$D$8)))/I76 -> 1.8792989 | T76: =S76*I76 -> 2385.676
A77: =IF(J77<>"",1+MAX($A$18:A76),"") -> 41 | B77: PLN-1 | C77: RW-1 | D77: DIV-32 | E77: Site Concrete | F77: #6 Reinforcement=275 Lf | G77: 412 | H77: =IF(VLOOKUP(J77,'HOURLY RATES'!B$116:C$124,2,0)=0,$J$3,VLOOKUP(J77,'HOURLY RATES'!B$116:C$124,2,0)) -> 0.05 | I77: =(G77*(1+H77)) -> 432.6 | J77: LBS | K77: 0.01 | L77: =K77*I77 -> 4.326 | M77: =IF(VLOOKUP(E77,'HOURLY RATES'!C$6:D$105,2,0)=0,$E$3,VLOOKUP(E77,'HOURLY RATES'!C$6:D$105,2,0)) -> 65 | N77: =M77*L77 -> 281.19 | O77: 0.934 | P77: =O77*I77 -> 404.0484 | Q77: =P77+N77 -> 685.2384 | S77: =((((N77*(1+$D$7))+(P77*(1+$D$5+$D$6)))*(1+$D$8)))/I77 -> 1.8792989 | T77: =S77*I77 -> 812.9847
A78: =IF(J78<>"",1+MAX($A$18:A77),"")
A79: =IF(J79<>"",1+MAX($A$18:A78),"") -> 42 | B79: PLN-1 | C79: RW-1 | D79: DIV-32 | E79: Site Concrete | F79: 5'-0" X 1'-0" Concrete Footing W/ -#5 @12" O.C & (4) #5 Bars Top And (2) #5 Bars Bottom, #6 Dowels At 24" O.C (2'-6" L) | I79: 40 | J79: LF
A80: =IF(J80<>"",1+MAX($A$18:A79),"") -> 43 | B80: PLN-1 | C80: RW-1 | D80: DIV-32 | E80: Earth worker | F80: Excavation | G80: =I79*6*9.5/27 -> 84.444444 | H80: =IF(VLOOKUP(J80,'HOURLY RATES'!B$116:C$124,2,0)=0,$J$3,VLOOKUP(J80,'HOURLY RATES'!B$116:C$124,2,0)) -> 0.05 | I80: =(G80*(1+H80)) -> 88.666667 | J80: CY | K80: 0.385 | L80: =K80*I80 -> 34.136667 | M80: =IF(VLOOKUP(E80,'HOURLY RATES'!C$6:D$105,2,0)=0,$E$3,VLOOKUP(E80,'HOURLY RATES'!C$6:D$105,2,0)) -> 110.14 | N80: =M80*L80 -> 3759.8125 | P80: =O80*I80 -> 0 | Q80: =P80+N80 -> 3759.8125 | S80: =((((N80*(1+$D$7))+(P80*(1+$D$5+$D$6)))*(1+$D$8)))/I80 -> 49.065553 | T80: =S80*I80 -> 4350.479
A81: =IF(J81<>"",1+MAX($A$18:A80),"") -> 44 | B81: PLN-1 | C81: RW-1 | D81: DIV-32 | E81: Site Concrete | F81: Concrete 3000 Psi | G81: =(5*1*I79)/27 -> 7.4074074 | H81: =IF(VLOOKUP(J81,'HOURLY RATES'!B$116:C$124,2,0)=0,$J$3,VLOOKUP(J81,'HOURLY RATES'!B$116:C$124,2,0)) -> 0.05 | I81: =(G81*(1+H81)) -> 7.7777778 | J81: CY | K81: 2.5 | L81: =K81*I81 -> 19.444444 | M81: =IF(VLOOKUP(E81,'HOURLY RATES'!C$6:D$105,2,0)=0,$E$3,VLOOKUP(E81,'HOURLY RATES'!C$6:D$105,2,0)) -> 65 | N81: =M81*L81 -> 1263.8889 | O81: 232.3 | P81: =O81*I81 -> 1806.7778 | Q81: =P81+N81 -> 3070.6667 | S81: =((((N81*(1+$D$7))+(P81*(1+$D$5+$D$6)))*(1+$D$8)))/I81 -> 468.37652 | T81: =S81*I81 -> 3642.9285
A82: =IF(J82<>"",1+MAX($A$18:A81),"") -> 45 | B82: PLN-1 | C82: RW-1 | D82: DIV-32 | E82: Site Concrete | F82: Formwork | G82: =(1*I79)*2 -> 80 | H82: =IF(VLOOKUP(J82,'HOURLY RATES'!B$116:C$124,2,0)=0,$J$3,VLOOKUP(J82,'HOURLY RATES'!B$116:C$124,2,0)) -> 0.05 | I82: =(G82*(1+H82)) -> 84 | J82: SF | K82: 0.06 | L82: =K82*I82 -> 5.04 | M82: =IF(VLOOKUP(E82,'HOURLY RATES'!C$6:D$105,2,0)=0,$E$3,VLOOKUP(E82,'HOURLY RATES'!C$6:D$105,2,0)) -> 65 | N82: =M82*L82 -> 327.6 | O82: 1.723 | P82: =O82*I82 -> 144.732 | Q82: =P82+N82 -> 472.332 | S82: =((((N82*(1+$D$7))+(P82*(1+$D$5+$D$6)))*(1+$D$8)))/I82 -> 6.5920667 | T82: =S82*I82 -> 553.7336
A83: =IF(J83<>"",1+MAX($A$18:A82),"") -> 46 | B83: PLN-1 | C83: RW-1 | D83: DIV-02 | E83: Earth worker | F83: Backfilling | G83: =2*7*I79/27 -> 20.740741 | H83: =IF(VLOOKUP(J83,'HOURLY RATES'!B$116:C$124,2,0)=0,$J$3,VLOOKUP(J83,'HOURLY RATES'!B$116:C$124,2,0)) -> 0.05 | I83: =(G83*(1+H83)) -> 21.777778 | J83: CY | K83: 1.443 | L83: =K83*I83 -> 31.425333 | M83: =IF(VLOOKUP(E83,'HOURLY RATES'!C$6:D$105,2,0)=0,$E$3,VLOOKUP(E83,'HOURLY RATES'!C$6:D$105,2,0)) -> 110.14 | N83: =M83*L83 -> 3461.1862 | P83: =O83*I83 -> 0 | Q83: =P83+N83 -> 3461.1862 | S83: =((((N83*(1+$D$7))+(P83*(1+$D$5+$D$6)))*(1+$D$8)))/I83 -> 183.90024 | T83: =S83*I83 -> 4004.9386
A84: =IF(J84<>"",1+MAX($A$18:A83),"") -> 47 | B84: PLN-1 | C84: RW-1 | D84: DIV-02 | E84: Earth worker | F84: Hauling | G84: =G80-G83 -> 63.703704 | H84: =IF(VLOOKUP(J84,'HOURLY RATES'!B$116:C$124,2,0)=0,$J$3,VLOOKUP(J84,'HOURLY RATES'!B$116:C$124,2,0)) -> 0.05 | I84: =(G84*(1+H84)) -> 66.888889 | J84: CY | K84: 1.5 | L84: =K84*I84 -> 100.33333 | M84: =IF(VLOOKUP(E84,'HOURLY RATES'!C$6:D$105,2,0)=0,$E$3,VLOOKUP(E84,'HOURLY RATES'!C$6:D$105,2,0)) -> 110.14 | N84: =M84*L84 -> 11050.713 | P84: =O84*I84 -> 0 | Q84: =P84+N84 -> 11050.713 | S84: =((((N84*(1+$D$7))+(P84*(1+$D$5+$D$6)))*(1+$D$8)))/I84 -> 191.16449 | T84: =S84*I84 -> 12786.78
A85: =IF(J85<>"",1+MAX($A$18:A84),"") -> 48 | B85: PLN-1 | C85: RW-1 | D85: DIV-32 | E85: Site Concrete | F85: #5 Reinforcement= 445 Lf | G85: 465 | H85: =IF(VLOOKUP(J85,'HOURLY RATES'!B$116:C$124,2,0)=0,$J$3,VLOOKUP(J85,'HOURLY RATES'!B$116:C$124,2,0)) -> 0.05 | I85: =(G85*(1+H85)) -> 488.25 | J85: LBS | K85: 0.01 | L85: =K85*I85 -> 4.8825 | M85: =IF(VLOOKUP(E85,'HOURLY RATES'!C$6:D$105,2,0)=0,$E$3,VLOOKUP(E85,'HOURLY RATES'!C$6:D$105,2,0)) -> 65 | N85: =M85*L85 -> 317.3625 | O85: 0.934 | P85: =O85*I85 -> 456.0255 | Q85: =P85+N85 -> 773.388 | S85: =((((N85*(1+$D$7))+(P85*(1+$D$5+$D$6)))*(1+$D$8)))/I85 -> 1.8792989 | T85: =S85*I85 -> 917.56768
A86: =IF(J86<>"",1+MAX($A$18:A85),"") -> 49 | B86: PLN-1 | C86: RW-1 | D86: DIV-32 | E86: Site Concrete | F86: #6 Reinforcement= 104 Lf | G86: 160 | H86: =IF(VLOOKUP(J86,'HOURLY RATES'!B$116:C$124,2,0)=0,$J$3,VLOOKUP(J86,'HOURLY RATES'!B$116:C$124,2,0)) -> 0.05 | I86: =(G86*(1+H86)) -> 168 | J86: LBS | K86: 0.01 | L86: =K86*I86 -> 1.68 | M86: =IF(VLOOKUP(E86,'HOURLY RATES'!C$6:D$105,2,0)=0,$E$3,VLOOKUP(E86,'HOURLY RATES'!C$6:D$105,2,0)) -> 65 | N86: =M86*L86 -> 109.2 | O86: 0.934 | P86: =O86*I86 -> 156.912 | Q86: =P86+N86 -> 266.112 | S86: =((((N86*(1+$D$7))+(P86*(1+$D$5+$D$6)))*(1+$D$8)))/I86 -> 1.8792989 | T86: =S86*I86 -> 315.72221
A87: =IF(J87<>"",1+MAX($A$18:A86),"")
A88: =IF(J88<>"",1+MAX($A$18:A87),"") | F88: Retaining Wall
A89: =IF(J89<>"",1+MAX($A$18:A88),"") -> 50 | B89: PLN-1 | C89: RW-1 | D89: DIV-32 | E89: Site Concrete | F89: 12" Thick X 6'-4" High Concrete Retaining Wall W/ -#5 @12" O.C Vertical & (6) #5 Bars Horizontal And #5 @12" O.C Dowels (4'-2") | I89: 115 | J89: LF
A90: =IF(J90<>"",1+MAX($A$18:A89),"") -> 51 | B90: PLN-1 | C90: RW-1 | D90: DIV-32 | E90: Site Concrete | F90: Concrete 3000 Psi | G90: =(6.33*1*I89)/27 -> 26.961111 | H90: =IF(VLOOKUP(J90,'HOURLY RATES'!B$116:C$124,2,0)=0,$J$3,VLOOKUP(J90,'HOURLY RATES'!B$116:C$124,2,0)) -> 0.05 | I90: =(G90*(1+H90)) -> 28.309167 | J90: CY | K90: 2.5 | L90: =K90*I90 -> 70.772917 | M90: =IF(VLOOKUP(E90,'HOURLY RATES'!C$6:D$105,2,0)=0,$E$3,VLOOKUP(E90,'HOURLY RATES'!C$6:D$105,2,0)) -> 65 | N90: =M90*L90 -> 4600.2396 | O90: 232.3 | P90: =O90*I90 -> 6576.2194 | Q90: =P90+N90 -> 11176.459 | S90: =((((N90*(1+$D$7))+(P90*(1+$D$5+$D$6)))*(1+$D$8)))/I90 -> 468.37652 | T90: =S90*I90 -> 13259.349
A91: =IF(J91<>"",1+MAX($A$18:A90),"") -> 52 | B91: PLN-1 | C91: RW-1 | D91: DIV-32 | E91: Site Concrete | F91: Formwork | G91: =(6.33*I89)*2 -> 1455.9 | H91: =IF(VLOOKUP(J91,'HOURLY RATES'!B$116:C$124,2,0)=0,$J$3,VLOOKUP(J91,'HOURLY RATES'!B$116:C$124,2,0)) -> 0.05 | I91: =(G91*(1+H91)) -> 1528.695 | J91: SF | K91: 0.06 | L91: =K91*I91 -> 91.7217 | M91: =IF(VLOOKUP(E91,'HOURLY RATES'!C$6:D$105,2,0)=0,$E$3,VLOOKUP(E91,'HOURLY RATES'!C$6:D$105,2,0)) -> 65 | N91: =M91*L91 -> 5961.9105 | O91: 1.723 | P91: =O91*I91 -> 2633.9415 | Q91: =P91+N91 -> 8595.852 | S91: =((((N91*(1+$D$7))+(P91*(1+$D$5+$D$6)))*(1+$D$8)))/I91 -> 6.5920667 | T91: =S91*I91 -> 10077.259
A92: =IF(J92<>"",1+MAX($A$18:A91),"") -> 53 | B92: PLN-1 | C92: RW-1 | D92: DIV-32 | E92: Site Concrete | F92: Filter Fabric | G92: =I89*5.33 -> 612.95 | H92: =IF(VLOOKUP(J92,'HOURLY RATES'!B$116:C$124,2,0)=0,$J$3,VLOOKUP(J92,'HOURLY RATES'!B$116:C$124,2,0)) -> 0.05 | I92: =(G92*(1+H92)) -> 643.5975 | J92: SF | K92: 0.02 | L92: =K92*I92 -> 12.87195 | M92: =IF(VLOOKUP(E92,'HOURLY RATES'!C$6:D$105,2,0)=0,$E$3,VLOOKUP(E92,'HOURLY RATES'!C$6:D$105,2,0)) -> 65 | N92: =M92*L92 -> 836.67675 | O92: 1.02 | P92: =O92*I92 -> 656.46945 | Q92: =P92+N92 -> 1493.1462 | S92: =((((N92*(1+$D$7))+(P92*(1+$D$5+$D$6)))*(1+$D$8)))/I92 -> 2.7352017 | T92: =S92*I92 -> 1760.369
A93: =IF(J93<>"",1+MAX($A$18:A92),"") -> 54 | B93: PLN-1 | C93: RW-1 | D93: DIV-32 | E93: Site Concrete | F93: 12" Column Of 3/4" Crushed Stone | G93: =1*5.5*I89/27 -> 23.425926 | H93: =IF(VLOOKUP(J93,'HOURLY RATES'!B$116:C$124,2,0)=0,$J$3,VLOOKUP(J93,'HOURLY RATES'!B$116:C$124,2,0)) -> 0.05 | I93: =(G93*(1+H93)) -> 24.597222 | J93: CY | K93: 0.687 | L93: =K93*I93 -> 16.898292 | M93: =IF(VLOOKUP(E93,'HOURLY RATES'!C$6:D$105,2,0)=0,$E$3,VLOOKUP(E93,'HOURLY RATES'!C$6:D$105,2,0)) -> 65 | N93: =M93*L93 -> 1098.389 | O93: 38 | P93: =O93*I93 -> 934.69444 | Q93: =P93+N93 -> 2033.0834 | S93: =((((N93*(1+$D$7))+(P93*(1+$D$5+$D$6)))*(1+$D$8)))/I93 -> 97.53003 | T93: =S93*I93 -> 2398.9678
A94: =IF(J94<>"",1+MAX($A$18:A93),"") -> 55 | B94: PLN-1 | C94: RW-1 | D94: DIV-32 | E94: Site Concrete | F94: Thin Stone Veneer | G94: =4*I89 -> 460 | H94: =IF(VLOOKUP(J94,'HOURLY RATES'!B$116:C$124,2,0)=0,$J$3,VLOOKUP(J94,'HOURLY RATES'!B$116:C$124,2,0)) -> 0.05 | I94: =(G94*(1+H94)) -> 483 | J94: SF | K94: 0.244 | L94: =K94*I94 -> 117.852 | M94: =IF(VLOOKUP(E94,'HOURLY RATES'!C$6:D$105,2,0)=0,$E$3,VLOOKUP(E94,'HOURLY RATES'!C$6:D$105,2,0)) -> 65 | N94: =M94*L94 -> 7660.38 | O94: 21.23 | P94: =O94*I94 -> 10254.09 | Q94: =P94+N94 -> 17914.47 | S94: =((((N94*(1+$D$7))+(P94*(1+$D$5+$D$6)))*(1+$D$8)))/I94 -> 43.972713 | T94: =S94*I94 -> 21238.82
A95: =IF(J95<>"",1+MAX($A$18:A94),"") -> 56 | B95: PLN-1 | C95: RW-1 | D95: DIV-32 | E95: Site Concrete | F95: #5 Reinforcement= 1908 Lf | G95: 1990 | H95: =IF(VLOOKUP(J95,'HOURLY RATES'!B$116:C$124,2,0)=0,$J$3,VLOOKUP(J95,'HOURLY RATES'!B$116:C$124,2,0)) -> 0.05 | I95: =(G95*(1+H95)) -> 2089.5 | J95: LBS | K95: 0.01 | L95: =K95*I95 -> 20.895 | M95: =IF(VLOOKUP(E95,'HOURLY RATES'!C$6:D$105,2,0)=0,$E$3,VLOOKUP(E95,'HOURLY RATES'!C$6:D$105,2,0)) -> 65 | N95: =M95*L95 -> 1358.175 | O95: 0.934 | P95: =O95*I95 -> 1951.593 | Q95: =P95+N95 -> 3309.768 | S95: =((((N95*(1+$D$7))+(P95*(1+$D$5+$D$6)))*(1+$D$8)))/I95 -> 1.8792989 | T95: =S95*I95 -> 3926.795
A96: =IF(J96<>"",1+MAX($A$18:A95),"")
A97: =IF(J97<>"",1+MAX($A$18:A96),"") -> 57 | B97: PLN-1 | C97: RW-1 | D97: DIV-32 | E97: Site Concrete | F97: 12" Thick X 8'-6" High Concrete Retaining Wall W/#5 @12" O.C Vertical & (8)#5 Bars Horizontal And #5 @12" O.C Dowels (4'-2") | I97: 40 | J97: LF
A98: =IF(J98<>"",1+MAX($A$18:A97),"") -> 58 | B98: PLN-1 | C98: RW-1 | D98: DIV-32 | E98: Site Concrete | F98: Concrete 3000 Psi | G98: =(8.5*1*I97)/27 -> 12.592593 | H98: =IF(VLOOKUP(J98,'HOURLY RATES'!B$116:C$124,2,0)=0,$J$3,VLOOKUP(J98,'HOURLY RATES'!B$116:C$124,2,0)) -> 0.05 | I98: =(G98*(1+H98)) -> 13.222222 | J98: CY | K98: 2.5 | L98: =K98*I98 -> 33.055556 | M98: =IF(VLOOKUP(E98,'HOURLY RATES'!C$6:D$105,2,0)=0,$E$3,VLOOKUP(E98,'HOURLY RATES'!C$6:D$105,2,0)) -> 65 | N98: =M98*L98 -> 2148.6111 | O98: 232.3 | P98: =O98*I98 -> 3071.5222 | Q98: =P98+N98 -> 5220.1333 | S98: =((((N98*(1+$D$7))+(P98*(1+$D$5+$D$6)))*(1+$D$8)))/I98 -> 468.37652 | T98: =S98*I98 -> 6192.9784
A99: =IF(J99<>"",1+MAX($A$18:A98),"") -> 59 | B99: PLN-1 | C99: RW-1 | D99: DIV-32 | E99: Site Concrete | F99: Formwork | G99: =(8.5*I97*2) -> 680 | H99: =IF(VLOOKUP(J99,'HOURLY RATES'!B$116:C$124,2,0)=0,$J$3,VLOOKUP(J99,'HOURLY RATES'!B$116:C$124,2,0)) -> 0.05 | I99: =(G99*(1+H99)) -> 714 | J99: SF | K99: 0.06 | L99: =K99*I99 -> 42.84 | M99: =IF(VLOOKUP(E99,'HOURLY RATES'!C$6:D$105,2,0)=0,$E$3,VLOOKUP(E99,'HOURLY RATES'!C$6:D$105,2,0)) -> 65 | N99: =M99*L99 -> 2784.6 | O99: 1.723 | P99: =O99*I99 -> 1230.222 | Q99: =P99+N99 -> 4014.822 | S99: =((((N99*(1+$D$7))+(P99*(1+$D$5+$D$6)))*(1+$D$8)))/I99 -> 6.5920667 | T99: =S99*I99 -> 4706.7356
A100: =IF(J100<>"",1+MAX($A$18:A99),"") -> 60 | B100: PLN-1 | C100: RW-1 | D100: DIV-32 | E100: Site Concrete | F100: 12" Column Of 3/4" Crushed Stone | G100: =1*7.16*I97/27 -> 10.607407 | H100: =IF(VLOOKUP(J100,'HOURLY RATES'!B$116:C$124,2,0)=0,$J$3,VLOOKUP(J100,'HOURLY RATES'!B$116:C$124,2,0)) -> 0.05 | I100: =(G100*(1+H100)) -> 11.137778 | J100: CY | K100: 0.687 | L100: =K100*I100 -> 7.6516533 | M100: =IF(VLOOKUP(E100,'HOURLY RATES'!C$6:D$105,2,0)=0,$E$3,VLOOKUP(E100,'HOURLY RATES'!C$6:D$105,2,0)) -> 65 | N100: =M100*L100 -> 497.35747 | O100: 38 | P100: =O100*I100 -> 423.23556 | Q100: =P100+N100 -> 920.59302 | S100: =((((N100*(1+$D$7))+(P100*(1+$D$5+$D$6)))*(1+$D$8)))/I100 -> 97.530031 | T100: =S100*I100 -> 1086.2678
A101: =IF(J101<>"",1+MAX($A$18:A100),"") -> 61 | B101: PLN-1 | C101: RW-1 | D101: DIV-32 | E101: Site Concrete | F101: Filter Fabric | G101: =I97*7.16 -> 286.4 | H101: =IF(VLOOKUP(J101,'HOURLY RATES'!B$116:C$124,2,0)=0,$J$3,VLOOKUP(J101,'HOURLY RATES'!B$116:C$124,2,0)) -> 0.05 | I101: =(G101*(1+H101)) -> 300.72 | J101: SF | K101: 0.02 | L101: =K101*I101 -> 6.0144 | M101: =IF(VLOOKUP(E101,'HOURLY RATES'!C$6:D$105,2,0)=0,$E$3,VLOOKUP(E101,'HOURLY RATES'!C$6:D$105,2,0)) -> 65 | N101: =M101*L101 -> 390.936 | O101: 1.02 | P101: =O101*I101 -> 306.7344 | Q101: =P101+N101 -> 697.6704 | S101: =((((N101*(1+$D$7))+(P101*(1+$D$5+$D$6)))*(1+$D$8)))/I101 -> 2.7352017 | T101: =S101*I101 -> 822.52986
A102: =IF(J102<>"",1+MAX($A$18:A101),"") -> 62 | B102: PLN-1 | C102: RW-1 | D102: DIV-32 | E102: Site Concrete | F102: Thin Stone Veneer | G102: =6*I97 -> 240 | H102: =IF(VLOOKUP(J102,'HOURLY RATES'!B$116:C$124,2,0)=0,$J$3,VLOOKUP(J102,'HOURLY RATES'!B$116:C$124,2,0)) -> 0.05 | I102: =(G102*(1+H102)) -> 252 | J102: SF | K102: 0.244 | L102: =K102*I102 -> 61.488 | M102: =IF(VLOOKUP(E102,'HOURLY RATES'!C$6:D$105,2,0)=0,$E$3,VLOOKUP(E102,'HOURLY RATES'!C$6:D$105,2,0)) -> 65 | N102: =M102*L102 -> 3996.72 | O102: 21.23 | P102: =O102*I102 -> 5349.96 | Q102: =P102+N102 -> 9346.68 | S102: =((((N102*(1+$D$7))+(P102*(1+$D$5+$D$6)))*(1+$D$8)))/I102 -> 43.972713 | T102: =S102*I102 -> 11081.124
...

Sheet BID ALT.
A1: ITEM # | B1: REF. SHEET | C1: DETAIL | D1: CSI SECT | E1: Sub Contractor | F1: DESCRIPTION | G1: QTY. | H1: WASTAGE | I1: QTY WITH WASTAGE | J1: UNIT | K1: UNIT LABOR HOURS | L1: TOTAL LABOR HOURS | M1: PER HOUR LABOR RATE | N1: TOTAL LABOR COST | O1: UNIT MATERIAL COST | P1: TOTAL MATERIAL COST | Q1: ITEM COST | R1: TRADE COST | S1: UNIT ITEM COST WITH MARKUPS | T1: TOTAL ITEM COST WITH MARKUPS
A2: Estimate of Materials Quantities and Cost of Construction
B3: CLICK HERE TO GO BACK TO COST SUMMARY
D4: Sub-Total | E4: =Q101 -> 152758.71 | J4: Date: | K4: 45929
C5: Material Sales Tax | D5: 0.089 | E5: =P101*D5 -> 4160.8602 | F5: (Adjust the percentage for Material tax as required) | J5: Project: | K5: Replacement Of The Lexington Avenue Retaining Wall
C6: Overhead & Profit / Inflation (Material) | D6: 0.1 | E6: =P101*D6 -> 4675.1239 | F6: (Adjust the percentage for Overhead & Profit as required) | J6: Project Location: | K6: Lexington Avenue, Norwalk, CT
C7: Overhead & Profit (Labor) | D7: 0.14 | E7: =N101*D7 -> 14841.046 | F7: (Adjust the percentage for Overhead & Profit as required) | J7: Project and Wage Type: | K7: Private (Non-Prevailing wage)
C8: Bond Fee | D8: 0.015 | E8: =(E4+E5+E6+E7)*D8 -> 2646.5361 | F8: (Adjust the percentage for Bond Fee as required)
D9: Total Bid | E9: =E4+E5+E6+E7+E8 -> 179082.28 | J9: Gross Internal Area of Structure (SF)
J10: Covered Area of Structure (SF)
C11: Material Wastage 1 | D11: 0 | E11: ( for Quantities in Each & LS) | J11: No. of Units
C12: Material Wastage 2 | D12: 0.05 | E12: ( for Quantities in LF, SF, SY, CY, LBS, TONS) | J12: No. of Floors and Overall Height
B13: (Changing the wastage percentage here will update the wastage for whole tab) | J13: Hardscaping Area (SF) | K13: 0
J14: Soft scaping Area (SF) | K14: 0
B15: To change hourly rates for any trade please go to "Hourly Rates" Tab
A17: ITEM # | B17: REF. SHEET | C17: DETAIL | D17: CSI SECT | E17: Sub Contractor | F17: DESCRIPTION | G17: QTY. | H17: WASTAGE | I17: QTY WITH WASTAGE | J17: UNIT | K17: UNIT LABOR HOURS | L17: TOTAL LABOR HOURS | M17: PER HOUR LABOR RATE | N17: TOTAL LABOR COST | O17: UNIT MATERIAL COST | P17: TOTAL MATERIAL COST | Q17: ITEM COST | R17: TRADE COST | S17: UNIT COST WITH MARKUPS | T17: TOTAL COST WITH MARKUPS
D18: DIV-01 | F18: General | R18: =SUM(Q19:Q65) -> 20034.691 | U18: =SUM(Q67:Q100) -> 132724.02
F20: Plan Design And Permitting
A21: =IF(J21<>"",1+MAX($A$18:A19),"") -> 1 | D21: DIV-01 | E21: General Requirements | F21: Architecture (Assumed By Owner) | G21: 1 | H21: =IF(VLOOKUP(J21,'HOURLY RATES'!B$116:C$124,2,0)=0,$J$3,VLOOKUP(J21,'HOURLY RATES'!B$116:C$124,2,0)) -> 0 | I21: =(G21*(1+H21)) -> 1 | J21: LS | L21: =K21*I21 -> 0 | M21: =IF(VLOOKUP(E21,'HOURLY RATES'!C$6:D$105,2,0)=0,$E$3,VLOOKUP(E21,'HOURLY RATES'!C$6:D$105,2,0)) -> 66.11 | N21: =M21*L21 -> 0 | Q21: =P21+N21 -> 0 | S21: =((((N21*(1+$D$7))+(P21*(1+$D$5+$D$6)))*(1+$D$8)))/I21 -> 0 | T21: =S21*I21 -> 0
A22: =IF(J22<>"",1+MAX($A$18:A21),"") -> 2 | D22: DIV-01 | E22: General Requirements | F22: Engineering (Assumed By Owner) | G22: 1 | H22: =IF(VLOOKUP(J22,'HOURLY RATES'!B$116:C$124,2,0)=0,$J$3,VLOOKUP(J22,'HOURLY RATES'!B$116:C$124,2,0)) -> 0 | I22: =(G22*(1+H22)) -> 1 | J22: LS | L22: =K22*I22 -> 0 | M22: =IF(VLOOKUP(E22,'HOURLY RATES'!C$6:D$105,2,0)=0,$E$3,VLOOKUP(E22,'HOURLY RATES'!C$6:D$105,2,0)) -> 66.11 | N22: =M22*L22 -> 0 | Q22: =P22+N22 -> 0 | S22: =((((N22*(1+$D$7))+(P22*(1+$D$5+$D$6)))*(1+$D$8)))/I22 -> 0 | T22: =S22*I22 -> 0
A23: =IF(J23<>"",1+MAX($A$18:A22),"") -> 3 | D23: DIV-01 | E23: General Requirements | F23: Surveying | G23: 1 | H23: =IF(VLOOKUP(J23,'HOURLY RATES'!B$116:C$124,2,0)=0,$J$3,VLOOKUP(J23,'HOURLY RATES'!B$116:C$124,2,0)) -> 0 | I23: =(G23*(1+H23)) -> 1 | J23: LS | L23: =K23*I23 -> 0 | M23: =IF(VLOOKUP(E23,'HOURLY RATES'!C$6:D$105,2,0)=0,$E$3,VLOOKUP(E23,'HOURLY RATES'!C$6:D$105,2,0)) -> 66.11 | N23: =M23*L23 -> 0 | Q23: =P23+N23 -> 0 | S23: =((((N23*(1+$D$7))+(P23*(1+$D$5+$D$6)))*(1+$D$8)))/I23 -> 0 | T23: =S23*I23 -> 0
A24: =IF(J24<>"",1+MAX($A$18:A23),"") -> 4 | D24: DIV-01 | E24: General Requirements | F24: Soils Report (Assumed By Owner) | G24: 1 | H24: =IF(VLOOKUP(J24,'HOURLY RATES'!B$116:C$124,2,0)=0,$J$3,VLOOKUP(J24,'HOURLY RATES'!B$116:C$124,2,0)) -> 0 | I24: =(G24*(1+H24)) -> 1 | J24: LS | L24: =K24*I24 -> 0 | M24: =IF(VLOOKUP(E24,'HOURLY RATES'!C$6:D$105,2,0)=0,$E$3,VLOOKUP(E24,'HOURLY RATES'!C$6:D$105,2,0)) -> 66.11 | N24: =M24*L24 -> 0 | Q24: =P24+N24 -> 0 | S24: =((((N24*(1+$D$7))+(P24*(1+$D$5+$D$6)))*(1+$D$8)))/I24 -> 0 | T24: =S24*I24 -> 0
A25: =IF(J25<>"",1+MAX($A$18:A24),"") -> 5 | D25: DIV-01 | E25: General Requirements | F25: Geological Report (Assumed By Owner) | G25: 1 | H25: =IF(VLOOKUP(J25,'HOURLY RATES'!B$116:C$124,2,0)=0,$J$3,VLOOKUP(J25,'HOURLY RATES'!B$116:C$124,2,0)) -> 0 | I25: =(G25*(1+H25)) -> 1 | J25: LS | L25: =K25*I25 -> 0 | M25: =IF(VLOOKUP(E25,'HOURLY RATES'!C$6:D$105,2,0)=0,$E$3,VLOOKUP(E25,'HOURLY RATES'!C$6:D$105,2,0)) -> 66.11 | N25: =M25*L25 -> 0 | Q25: =P25+N25 -> 0 | S25: =((((N25*(1+$D$7))+(P25*(1+$D$5+$D$6)))*(1+$D$8)))/I25 -> 0 | T25: =S25*I25 -> 0
A26: =IF(J26<>"",1+MAX($A$18:A25),"") -> 6 | D26: DIV-01 | E26: General Requirements | F26: Concrete Testing | G26: 1 | H26: =IF(VLOOKUP(J26,'HOURLY RATES'!B$116:C$124,2,0)=0,$J$3,VLOOKUP(J26,'HOURLY RATES'!B$116:C$124,2,0)) -> 0 | I26: =(G26*(1+H26)) -> 1 | J26: LS | L26: =K26*I26 -> 0 | M26: =IF(VLOOKUP(E26,'HOURLY RATES'!C$6:D$105,2,0)=0,$E$3,VLOOKUP(E26,'HOURLY RATES'!C$6:D$105,2,0)) -> 66.11 | N26: =M26*L26 -> 0 | Q26: =P26+N26 -> 0 | S26: =((((N26*(1+$D$7))+(P26*(1+$D$5+$D$6)))*(1+$D$8)))/I26 -> 0 | T26: =S26*I26 -> 0
A27: =IF(J27<>"",1+MAX($A$18:A26),"") -> 7 | D27: DIV-01 | E27: General Requirements | F27: Permit Fee | G27: 1 | H27: =IF(VLOOKUP(J27,'HOURLY RATES'!B$116:C$124,2,0)=0,$J$3,VLOOKUP(J27,'HOURLY RATES'!B$116:C$124,2,0)) -> 0 | I27: =(G27*(1+H27)) -> 1 | J27: LS | K27: =1%*($U$18)/M27 -> 20.07624 | L27: =K27*I27 -> 20.07624 | M27: =IF(VLOOKUP(E27,'HOURLY RATES'!C$6:D$105,2,0)=0,$E$3,VLOOKUP(E27,'HOURLY RATES'!C$6:D$105,2,0)) -> 66.11 | N27: =M27*L27 -> 1327.2402 | Q27: =P27+N27 -> 1327.2402 | S27: =((((N27*(1+$D$7))+(P27*(1+$D$5+$D$6)))*(1+$D$8)))/I27 -> 1535.7496 | T27: =S27*I27 -> 1535.7496
A28: =IF(J28<>"",1+MAX($A$18:A27),"") -> 8 | D28: DIV-01 | E28: General Requirements | F28: Permits (Based On Interior Finish Area) | G28: 1 | H28: =IF(VLOOKUP(J28,'HOURLY RATES'!B$116:C$124,2,0)=0,$J$3,VLOOKUP(J28,'HOURLY RATES'!B$116:C$124,2,0)) -> 0 | I28: =(G28*(1+H28)) -> 1 | J28: LS | L28: =K28*I28 -> 0 | M28: =IF(VLOOKUP(E28,'HOURLY RATES'!C$6:D$105,2,0)=0,$E$3,VLOOKUP(E28,'HOURLY RATES'!C$6:D$105,2,0)) -> 66.11 | N28: =M28*L28 -> 0 | Q28: =P28+N28 -> 0 | S28: =((((N28*(1+$D$7))+(P28*(1+$D$5+$D$6)))*(1+$D$8)))/I28 -> 0 | T28: =S28*I28 -> 0
A29: =IF(J29<>"",1+MAX($A$18:A28),"") -> 9 | D29: DIV-01 | E29: General Requirements | F29: Plan Coordination | G29: 1 | H29: =IF(VLOOKUP(J29,'HOURLY RATES'!B$116:C$124,2,0)=0,$J$3,VLOOKUP(J29,'HOURLY RATES'!B$116:C$124,2,0)) -> 0 | I29: =(G29*(1+H29)) -> 1 | J29: LS | L29: =K29*I29 -> 0 | M29: =IF(VLOOKUP(E29,'HOURLY RATES'!C$6:D$105,2,0)=0,$E$3,VLOOKUP(E29,'HOURLY RATES'!C$6:D$105,2,0)) -> 66.11 | N29: =M29*L29 -> 0 | Q29: =P29+N29 -> 0 | S29: =((((N29*(1+$D$7))+(P29*(1+$D$5+$D$6)))*(1+$D$8)))/I29 -> 0 | T29: =S29*I29 -> 0
A30: =IF(J30<>"",1+MAX($A$18:A29),"") -> 10 | D30: DIV-01 | E30: General Requirements | F30: Roof Inspection | G30: 1 | H30: =IF(VLOOKUP(J30,'HOURLY RATES'!B$116:C$124,2,0)=0,$J$3,VLOOKUP(J30,'HOURLY RATES'!B$116:C$124,2,0)) -> 0 | I30: =(G30*(1+H30)) -> 1 | J30: LS | L30: =K30*I30 -> 0 | M30: =IF(VLOOKUP(E30,'HOURLY RATES'!C$6:D$105,2,0)=0,$E$3,VLOOKUP(E30,'HOURLY RATES'!C$6:D$105,2,0)) -> 66.11 | N30: =M30*L30 -> 0 | Q30: =P30+N30 -> 0 | S30: =((((N30*(1+$D$7))+(P30*(1+$D$5+$D$6)))*(1+$D$8)))/I30 -> 0 | T30: =S30*I30 -> 0
A31: =IF(J31<>"",1+MAX($A$18:A30),"") -> 11 | D31: DIV-01 | E31: General Requirements | F31: Blueprints (?? Pages) | G31: 1 | H31: =IF(VLOOKUP(J31,'HOURLY RATES'!B$116:C$124,2,0)=0,$J$3,VLOOKUP(J31,'HOURLY RATES'!B$116:C$124,2,0)) -> 0 | I31: =(G31*(1+H31)) -> 1 | J31: LS | L31: =K31*I31 -> 0 | M31: =IF(VLOOKUP(E31,'HOURLY RATES'!C$6:D$105,2,0)=0,$E$3,VLOOKUP(E31,'HOURLY RATES'!C$6:D$105,2,0)) -> 66.11 | N31: =M31*L31 -> 0 | Q31: =P31+N31 -> 0 | S31: =((((N31*(1+$D$7))+(P31*(1+$D$5+$D$6)))*(1+$D$8)))/I31 -> 0 | T31: =S31*I31 -> 0
A32: =IF(J32<>"",1+MAX($A$18:A31),"")
A33: =IF(J33<>"",1+MAX($A$18:A32),"") | F33: Utilities
A34: =IF(J34<>"",1+MAX($A$18:A33),"") -> 12 | D34: DIV-01 | E34: General Requirements | F34: Utilities During Construction (Based On Interior Finish Area) | G34: 1 | H34: =IF(VLOOKUP(J34,'HOURLY RATES'!B$116:C$124,2,0)=0,$J$3,VLOOKUP(J34,'HOURLY RATES'!B$116:C$124,2,0)) -> 0 | I34: =(G34*(1+H34)) -> 1 | J34: LS | K34: =0.288%*(U18)/M34 -> 5.781957 | L34: =K34*I34 -> 5.781957 | M34: =IF(VLOOKUP(E34,'HOURLY RATES'!C$6:D$105,2,0)=0,$E$3,VLOOKUP(E34,'HOURLY RATES'!C$6:D$105,2,0)) -> 66.11 | N34: =M34*L34 -> 382.24518 | Q34: =P34+N34 -> 382.24518 | S34: =((((N34*(1+$D$7))+(P34*(1+$D$5+$D$6)))*(1+$D$8)))/I34 -> 442.29589 | T34: =S34*I34 -> 442.29589
A35: =IF(J35<>"",1+MAX($A$18:A34),"") -> 13 | D35: DIV-01 | E35: General Requirements | F35: Port-O-Potty (Based On Interior Finish Area) | G35: 1 | H35: =IF(VLOOKUP(J35,'HOURLY RATES'!B$116:C$124,2,0)=0,$J$3,VLOOKUP(J35,'HOURLY RATES'!B$116:C$124,2,0)) -> 0 | I35: =(G35*(1+H35)) -> 1 | J35: LS | K35: =0.257%*(U18)/M35 -> 5.1595936 | L35: =K35*I35 -> 5.1595936 | M35: =IF(VLOOKUP(E35,'HOURLY RATES'!C$6:D$105,2,0)=0,$E$3,VLOOKUP(E35,'HOURLY RATES'!C$6:D$105,2,0)) -> 66.11 | N35: =M35*L35 -> 341.10073 | Q35: =P35+N35 -> 341.10073 | S35: =((((N35*(1+$D$7))+(P35*(1+$D$5+$D$6)))*(1+$D$8)))/I35 -> 394.68766 | T35: =S35*I35 -> 394.68766
A36: =IF(J36<>"",1+MAX($A$18:A35),"") -> 14 | D36: DIV-01 | E36: General Requirements | F36: Temporary Power (Based On Interior Finish Area) | G36: 1 | H36: =IF(VLOOKUP(J36,'HOURLY RATES'!B$116:C$124,2,0)=0,$J$3,VLOOKUP(J36,'HOURLY RATES'!B$116:C$124,2,0)) -> 0 | I36: =(G36*(1+H36)) -> 1 | J36: LS | K36: =0.65%*(U18)/M36 -> 13.049556 | L36: =K36*I36 -> 13.049556 | M36: =IF(VLOOKUP(E36,'HOURLY RATES'!C$6:D$105,2,0)=0,$E$3,VLOOKUP(E36,'HOURLY RATES'!C$6:D$105,2,0)) -> 66.11 | N36: =M36*L36 -> 862.70613 | Q36: =P36+N36 -> 862.70613 | S36: =((((N36*(1+$D$7))+(P36*(1+$D$5+$D$6)))*(1+$D$8)))/I36 -> 998.23726 | T36: =S36*I36 -> 998.23726
A37: =IF(J37<>"",1+MAX($A$18:A36),"")
A38: =IF(J38<>"",1+MAX($A$18:A37),"") | F38: Equipment And Tools
A39: =IF(J39<>"",1+MAX($A$18:A38),"") -> 15 | D39: DIV-01 | E39: General Requirements | F39: Tool Rentals | G39: 1 | H39: =IF(VLOOKUP(J39,'HOURLY RATES'!B$116:C$124,2,0)=0,$J$3,VLOOKUP(J39,'HOURLY RATES'!B$116:C$124,2,0)) -> 0 | I39: =(G39*(1+H39)) -> 1 | J39: LS | L39: =K39*I39 -> 0 | M39: =IF(VLOOKUP(E39,'HOURLY RATES'!C$6:D$105,2,0)=0,$E$3,VLOOKUP(E39,'HOURLY RATES'!C$6:D$105,2,0)) -> 66.11 | N39: =M39*L39 -> 0 | Q39: =P39+N39 -> 0 | S39: =((((N39*(1+$D$7))+(P39*(1+$D$5+$D$6)))*(1+$D$8)))/I39 -> 0 | T39: =S39*I39 -> 0
A40: =IF(J40<>"",1+MAX($A$18:A39),"") -> 16 | D40: DIV-01 | E40: General Requirements | F40: Tool Shed | G40: 1 | H40: =IF(VLOOKUP(J40,'HOURLY RATES'!B$116:C$124,2,0)=0,$J$3,VLOOKUP(J40,'HOURLY RATES'!B$116:C$124,2,0)) -> 0 | I40: =(G40*(1+H40)) -> 1 | J40: LS | L40: =K40*I40 -> 0 | M40: =IF(VLOOKUP(E40,'HOURLY RATES'!C$6:D$105,2,0)=0,$E$3,VLOOKUP(E40,'HOURLY RATES'!C$6:D$105,2,0)) -> 66.11 | N40: =M40*L40 -> 0 | Q40: =P40+N40 -> 0 | S40: =((((N40*(1+$D$7))+(P40*(1+$D$5+$D$6)))*(1+$D$8)))/I40 -> 0 | T40: =S40*I40 -> 0
A41: =IF(J41<>"",1+MAX($A$18:A40),"") -> 17 | D41: DIV-01 | E41: General Requirements | F41: Dust Control | G41: 1 | H41: =IF(VLOOKUP(J41,'HOURLY RATES'!B$116:C$124,2,0)=0,$J$3,VLOOKUP(J41,'HOURLY RATES'!B$116:C$124,2,0)) -> 0 | I41: =(G41*(1+H41)) -> 1 | J41: LS | L41: =K41*I41 -> 0 | M41: =IF(VLOOKUP(E41,'HOURLY RATES'!C$6:D$105,2,0)=0,$E$3,VLOOKUP(E41,'HOURLY RATES'!C$6:D$105,2,0)) -> 66.11 | N41: =M41*L41 -> 0 | Q41: =P41+N41 -> 0 | S41: =((((N41*(1+$D$7))+(P41*(1+$D$5+$D$6)))*(1+$D$8)))/I41 -> 0 | T41: =S41*I41 -> 0
A42: =IF(J42<>"",1+MAX($A$18:A41),"") -> 18 | D42: DIV-01 | E42: General Requirements | F42: Ice, Water, Beverages | G42: 1 | H42: =IF(VLOOKUP(J42,'HOURLY RATES'!B$116:C$124,2,0)=0,$J$3,VLOOKUP(J42,'HOURLY RATES'!B$116:C$124,2,0)) -> 0 | I42: =(G42*(1+H42)) -> 1 | J42: LS | L42: =K42*I42 -> 0 | M42: =IF(VLOOKUP(E42,'HOURLY RATES'!C$6:D$105,2,0)=0,$E$3,VLOOKUP(E42,'HOURLY RATES'!C$6:D$105,2,0)) -> 66.11 | N42: =M42*L42 -> 0 | Q42: =P42+N42 -> 0 | S42: =((((N42*(1+$D$7))+(P42*(1+$D$5+$D$6)))*(1+$D$8)))/I42 -> 0 | T42: =S42*I42 -> 0
A43: =IF(J43<>"",1+MAX($A$18:A42),"") -> 19 | D43: DIV-01 | E43: General Requirements | F43: Garbage Dumpster / Trash Containers | G43: 1 | H43: =IF(VLOOKUP(J43,'HOURLY RATES'!B$116:C$124,2,0)=0,$J$3,VLOOKUP(J43,'HOURLY RATES'!B$116:C$124,2,0)) -> 0 | I43: =(G43*(1+H43)) -> 1 | J43: LS | L43: =K43*I43 -> 0 | M43: =IF(VLOOKUP(E43,'HOURLY RATES'!C$6:D$105,2,0)=0,$E$3,VLOOKUP(E43,'HOURLY RATES'!C$6:D$105,2,0)) -> 66.11 | N43: =M43*L43 -> 0 | Q43: =P43+N43 -> 0 | S43: =((((N43*(1+$D$7))+(P43*(1+$D$5+$D$6)))*(1+$D$8)))/I43 -> 0 | T43: =S43*I43 -> 0
A44: =IF(J44<>"",1+MAX($A$18:A43),"") -> 20 | D44: DIV-01 | E44: General Requirements | F44: Mobilization/Demobilization (Temporary Control & Facilities) | G44: 1 | H44: =IF(VLOOKUP(J44,'HOURLY RATES'!B$116:C$124,2,0)=0,$J$3,VLOOKUP(J44,'HOURLY RATES'!B$116:C$124,2,0)) -> 0 | I44: =(G44*(1+H44)) -> 1 | J44: LS | K44: =4%*($U$18)/M44 -> 80.304958 | L44: =K44*I44 -> 80.304958 | M44: =IF(VLOOKUP(E44,'HOURLY RATES'!C$6:D$105,2,0)=0,$E$3,VLOOKUP(E44,'HOURLY RATES'!C$6:D$105,2,0)) -> 66.11 | N44: =M44*L44 -> 5308.9608 | Q44: =P44+N44 -> 5308.9608 | S44: =((((N44*(1+$D$7))+(P44*(1+$D$5+$D$6)))*(1+$D$8)))/I44 -> 6142.9985 | T44: =S44*I44 -> 6142.9985
A45: =IF(J45<>"",1+MAX($A$18:A44),"")
A46: =IF(J46<>"",1+MAX($A$18:A45),"") | F46: Signage And Promotion
A47: =IF(J47<>"",1+MAX($A$18:A46),"") -> 21 | D47: DIV-01 | E47: General Requirements | F47: Job Signs | G47: 1 | H47: =IF(VLOOKUP(J47,'HOURLY RATES'!B$116:C$124,2,0)=0,$J$3,VLOOKUP(J47,'HOURLY RATES'!B$116:C$124,2,0)) -> 0 | I47: =(G47*(1+H47)) -> 1 | J47: LS | L47: =K47*I47 -> 0 | M47: =IF(VLOOKUP(E47,'HOURLY RATES'!C$6:D$105,2,0)=0,$E$3,VLOOKUP(E47,'HOURLY RATES'!C$6:D$105,2,0)) -> 66.11 | N47: =M47*L47 -> 0 | Q47: =P47+N47 -> 0 | S47: =((((N47*(1+$D$7))+(P47*(1+$D$5+$D$6)))*(1+$D$8)))/I47 -> 0 | T47: =S47*I47 -> 0
A48: =IF(J48<>"",1+MAX($A$18:A47),"") -> 22 | D48: DIV-01 | E48: General Requirements | F48: Job Photos | G48: 1 | H48: =IF(VLOOKUP(J48,'HOURLY RATES'!B$116:C$124,2,0)=0,$J$3,VLOOKUP(J48,'HOURLY RATES'!B$116:C$124,2,0)) -> 0 | I48: =(G48*(1+H48)) -> 1 | J48: LS | L48: =K48*I48 -> 0 | M48: =IF(VLOOKUP(E48,'HOURLY RATES'!C$6:D$105,2,0)=0,$E$3,VLOOKUP(E48,'HOURLY RATES'!C$6:D$105,2,0)) -> 66.11 | N48: =M48*L48 -> 0 | Q48: =P48+N48 -> 0 | S48: =((((N48*(1+$D$7))+(P48*(1+$D$5+$D$6)))*(1+$D$8)))/I48 -> 0 | T48: =S48*I48 -> 0
A49: =IF(J49<>"",1+MAX($A$18:A48),"") -> 23 | D49: DIV-01 | E49: General Requirements | F49: Signage | G49: 1 | H49: =IF(VLOOKUP(J49,'HOURLY RATES'!B$116:C$124,2,0)=0,$J$3,VLOOKUP(J49,'HOURLY RATES'!B$116:C$124,2,0)) -> 0 | I49: =(G49*(1+H49)) -> 1 | J49: LS | L49: =K49*I49 -> 0 | M49: =IF(VLOOKUP(E49,'HOURLY RATES'!C$6:D$105,2,0)=0,$E$3,VLOOKUP(E49,'HOURLY RATES'!C$6:D$105,2,0)) -> 66.11 | N49: =M49*L49 -> 0 | Q49: =P49+N49 -> 0 | S49: =((((N49*(1+$D$7))+(P49*(1+$D$5+$D$6)))*(1+$D$8)))/I49 -> 0 | T49: =S49*I49 -> 0
A50: =IF(J50<>"",1+MAX($A$18:A49),"") -> 24 | D50: DIV-01 | E50: General Requirements | F50: Promotion/Entertainment | G50: 1 | H50: =IF(VLOOKUP(J50,'HOURLY RATES'!B$116:C$124,2,0)=0,$J$3,VLOOKUP(J50,'HOURLY RATES'!B$116:C$124,2,0)) -> 0 | I50: =(G50*(1+H50)) -> 1 | J50: LS | L50: =K50*I50 -> 0 | M50: =IF(VLOOKUP(E50,'HOURLY RATES'!C$6:D$105,2,0)=0,$E$3,VLOOKUP(E50,'HOURLY RATES'!C$6:D$105,2,0)) -> 66.11 | N50: =M50*L50 -> 0 | Q50: =P50+N50 -> 0 | S50: =((((N50*(1+$D$7))+(P50*(1+$D$5+$D$6)))*(1+$D$8)))/I50 -> 0 | T50: =S50*I50 -> 0
A51: =IF(J51<>"",1+MAX($A$18:A50),"") -> 25 | D51: DIV-01 | E51: General Requirements | F51: Misc. | G51: 1 | H51: =IF(VLOOKUP(J51,'HOURLY RATES'!B$116:C$124,2,0)=0,$J$3,VLOOKUP(J51,'HOURLY RATES'!B$116:C$124,2,0)) -> 0 | I51: =(G51*(1+H51)) -> 1 | J51: LS | L51: =K51*I51 -> 0 | M51: =IF(VLOOKUP(E51,'HOURLY RATES'!C$6:D$105,2,0)=0,$E$3,VLOOKUP(E51,'HOURLY RATES'!C$6:D$105,2,0)) -> 66.11 | N51: =M51*L51 -> 0 | Q51: =P51+N51 -> 0 | S51: =((((N51*(1+$D$7))+(P51*(1+$D$5+$D$6)))*(1+$D$8)))/I51 -> 0 | T51: =S51*I51 -> 0
A52: =IF(J52<>"",1+MAX($A$18:A51),"")
A53: =IF(J53<>"",1+MAX($A$18:A52),"") | F53: Cleaning And Final
A54: =IF(J54<>"",1+MAX($A$18:A53),"") -> 26 | D54: DIV-01 | E54: General Requirements | F54: Trash | G54: 1 | H54: =IF(VLOOKUP(J54,'HOURLY RATES'!B$116:C$124,2,0)=0,$J$3,VLOOKUP(J54,'HOURLY RATES'!B$116:C$124,2,0)) -> 0 | I54: =(G54*(1+H54)) -> 1 | J54: LS | L54: =K54*I54 -> 0 | M54: =IF(VLOOKUP(E54,'HOURLY RATES'!C$6:D$105,2,0)=0,$E$3,VLOOKUP(E54,'HOURLY RATES'!C$6:D$105,2,0)) -> 66.11 | N54: =M54*L54 -> 0 | Q54: =P54+N54 -> 0 | S54: =((((N54*(1+$D$7))+(P54*(1+$D$5+$D$6)))*(1+$D$8)))/I54 -> 0 | T54: =S54*I54 -> 0
A55: =IF(J55<>"",1+MAX($A$18:A54),"") -> 27 | D55: DIV-01 | E55: General Requirements | F55: Final Cleaning | G55: 1 | H55: =IF(VLOOKUP(J55,'HOURLY RATES'!B$116:C$124,2,0)=0,$J$3,VLOOKUP(J55,'HOURLY RATES'!B$116:C$124,2,0)) -> 0 | I55: =(G55*(1+H55)) -> 1 | J55: LS | K55: =0.65%*(U18)/M55 -> 13.049556 | L55: =K55*I55 -> 13.049556 | M55: =IF(VLOOKUP(E55,'HOURLY RATES'!C$6:D$105,2,0)=0,$E$3,VLOOKUP(E55,'HOURLY RATES'!C$6:D$105,2,0)) -> 66.11 | N55: =M55*L55 -> 862.70613 | Q55: =P55+N55 -> 862.70613 | S55: =((((N55*(1+$D$7))+(P55*(1+$D$5+$D$6)))*(1+$D$8)))/I55 -> 998.23726 | T55: =S55*I55 -> 998.23726
A56: =IF(J56<>"",1+MAX($A$18:A55),"") -> 28 | D56: DIV-01 | E56: General Requirements | F56: Window Washing (Rough # Of Windows ) | G56: 1 | H56: =IF(VLOOKUP(J56,'HOURLY RATES'!B$116:C$124,2,0)=0,$J$3,VLOOKUP(J56,'HOURLY RATES'!B$116:C$124,2,0)) -> 0 | I56: =(G56*(1+H56)) -> 1 | J56: LS | L56: =K56*I56 -> 0 | M56: =IF(VLOOKUP(E56,'HOURLY RATES'!C$6:D$105,2,0)=0,$E$3,VLOOKUP(E56,'HOURLY RATES'!C$6:D$105,2,0)) -> 66.11 | N56: =M56*L56 -> 0 | Q56: =P56+N56 -> 0 | S56: =((((N56*(1+$D$7))+(P56*(1+$D$5+$D$6)))*(1+$D$8)))/I56 -> 0 | T56: =S56*I56 -> 0
A57: =IF(J57<>"",1+MAX($A$18:A56),"") -> 29 | D57: DIV-01 | E57: General Requirements | F57: Punch List Items | G57: 1 | H57: =IF(VLOOKUP(J57,'HOURLY RATES'!B$116:C$124,2,0)=0,$J$3,VLOOKUP(J57,'HOURLY RATES'!B$116:C$124,2,0)) -> 0 | I57: =(G57*(1+H57)) -> 1 | J57: LS | L57: =K57*I57 -> 0 | M57: =IF(VLOOKUP(E57,'HOURLY RATES'!C$6:D$105,2,0)=0,$E$3,VLOOKUP(E57,'HOURLY RATES'!C$6:D$105,2,0)) -> 66.11 | N57: =M57*L57 -> 0 | Q57: =P57+N57 -> 0 | S57: =((((N57*(1+$D$7))+(P57*(1+$D$5+$D$6)))*(1+$D$8)))/I57 -> 0 | T57: =S57*I57 -> 0
A58: =IF(J58<>"",1+MAX($A$18:A57),"")
A59: =IF(J59<>"",1+MAX($A$18:A58),"") | F59: Bonds, Insurance, Legal
A60: =IF(J60<>"",1+MAX($A$18:A59),"") -> 30 | D60: DIV-01 | E60: General Requirements | F60: Casualty Insurance | G60: 1 | H60: =IF(VLOOKUP(J60,'HOURLY RATES'!B$116:C$124,2,0)=0,$J$3,VLOOKUP(J60,'HOURLY RATES'!B$116:C$124,2,0)) -> 0 | I60: =(G60*(1+H60)) -> 1 | J60: LS | L60: =K60*I60 -> 0 | M60: =IF(VLOOKUP(E60,'HOURLY RATES'!C$6:D$105,2,0)=0,$E$3,VLOOKUP(E60,'HOURLY RATES'!C$6:D$105,2,0)) -> 66.11 | N60: =M60*L60 -> 0 | Q60: =P60+N60 -> 0 | S60: =((((N60*(1+$D$7))+(P60*(1+$D$5+$D$6)))*(1+$D$8)))/I60 -> 0 | T60: =S60*I60 -> 0
A61: =IF(J61<>"",1+MAX($A$18:A60),"") -> 31 | D61: DIV-01 | E61: General Requirements | F61: Medical Insurance | G61: 1 | H61: =IF(VLOOKUP(J61,'HOURLY RATES'!B$116:C$124,2,0)=0,$J$3,VLOOKUP(J61,'HOURLY RATES'!B$116:C$124,2,0)) -> 0 | I61: =(G61*(1+H61)) -> 1 | J61: LS | L61: =K61*I61 -> 0 | M61: =IF(VLOOKUP(E61,'HOURLY RATES'!C$6:D$105,2,0)=0,$E$3,VLOOKUP(E61,'HOURLY RATES'!C$6:D$105,2,0)) -> 66.11 | N61: =M61*L61 -> 0 | Q61: =P61+N61 -> 0 | S61: =((((N61*(1+$D$7))+(P61*(1+$D$5+$D$6)))*(1+$D$8)))/I61 -> 0 | T61: =S61*I61 -> 0
A62: =IF(J62<>"",1+MAX($A$18:A61),"") -> 32 | D62: DIV-01 | E62: General Requirements | F62: General Liability Insurance | G62: 1 | H62: =IF(VLOOKUP(J62,'HOURLY RATES'!B$116:C$124,2,0)=0,$J$3,VLOOKUP(J62,'HOURLY RATES'!B$116:C$124,2,0)) -> 0 | I62: =(G62*(1+H62)) -> 1 | J62: LS | L62: =K62*I62 -> 0 | M62: =IF(VLOOKUP(E62,'HOURLY RATES'!C$6:D$105,2,0)=0,$E$3,VLOOKUP(E62,'HOURLY RATES'!C$6:D$105,2,0)) -> 66.11 | N62: =M62*L62 -> 0 | Q62: =P62+N62 -> 0 | S62: =((((N62*(1+$D$7))+(P62*(1+$D$5+$D$6)))*(1+$D$8)))/I62 -> 0 | T62: =S62*I62 -> 0
A63: =IF(J63<>"",1+MAX($A$18:A62),"")
A64: =IF(J64<>"",1+MAX($A$18:A63),"") | F64: Project Management & Supervision
A65: =IF(J65<>"",1+MAX($A$18:A64),"") -> 33 | D65: DIV-01 | E65: General Requirements | F65: Project Management & Supervision | G65: 1 | H65: =IF(VLOOKUP(J65,'HOURLY RATES'!B$116:C$124,2,0)=0,$J$3,VLOOKUP(J65,'HOURLY RATES'!B$116:C$124,2,0)) -> 0 | I65: =(G65*(1+H65)) -> 1 | J65: LS | K65: =8.25%*($U$18)/M65 -> 165.62898 | L65: =K65*I65 -> 165.62898 | M65: =IF(VLOOKUP(E65,'HOURLY RATES'!C$6:D$105,2,0)=0,$E$3,VLOOKUP(E65,'HOURLY RATES'!C$6:D$105,2,0)) -> 66.11 | N65: =M65*L65 -> 10949.732 | Q65: =P65+N65 -> 10949.732 | S65: =((((N65*(1+$D$7))+(P65*(1+$D$5+$D$6)))*(1+$D$8)))/I65 -> 12669.934 | T65: =S65*I65 -> 12669.934
A66: =IF(J66<>"",1+MAX($A$18:A65),"")
A67: =IF(J67<>"",1+MAX($A$18:A66),"") | D67: DIV-32 | F67: Exterior Improvements | R67: =SUM(Q68:Q94) -> 124995.81
A68: =IF(J68<>"",1+MAX($A$18:A67),"")
A69: =IF(J69<>"",1+MAX($A$18:A68),"") | F69: Cont. Footing
A70: =IF(J70<>"",1+MAX($A$18:A69),"") -> 34 | B70: PLN-1 | C70: RW-1 | D70: DIV-32 | E70: Site Concrete | F70: 4'-6" X 1'-0" Concrete Footing W/ -#5 @12" O.C & (4) #5 Bars Top And (2) #5 Bars Bottom, #6 Dowels At 24" O.C (2'-6" L) | I70: 110 | J70: LF
A71: =IF(J71<>"",1+MAX($A$18:A70),"") -> 35 | B71: PLN-1 | C71: RW-1 | D71: DIV-32 | E71: Earth worker | F71: Excavation | G71: =(I70*7.33*4.5)/27 -> 134.38333 | H71: =IF(VLOOKUP(J71,'HOURLY RATES'!B$116:C$124,2,0)=0,$J$3,VLOOKUP(J71,'HOURLY RATES'!B$116:C$124,2,0)) -> 0.05 | I71: =(G71*(1+H71)) -> 141.1025 | J71: CY | K71: 0.385 | L71: =K71*I71 -> 54.324462 | M71: =IF(VLOOKUP(E71,'HOURLY RATES'!C$6:D$105,2,0)=0,$E$3,VLOOKUP(E71,'HOURLY RATES'!C$6:D$105,2,0)) -> 110.14 | N71: =M71*L71 -> 5983.2963 | P71: =O71*I71 -> 0 | Q71: =P71+N71 -> 5983.2963 | S71: =((((N71*(1+$D$7))+(P71*(1+$D$5+$D$6)))*(1+$D$8)))/I71 -> 49.065553 | T71: =S71*I71 -> 6923.2721
A72: =IF(J72<>"",1+MAX($A$18:A71),"") -> 36 | B72: PLN-1 | C72: RW-1 | D72: DIV-32 | E72: Site Concrete | F72: Concrete 3000 Psi | G72: =(4.5*1*I70)/27 -> 18.333333 | H72: =IF(VLOOKUP(J72,'HOURLY RATES'!B$116:C$124,2,0)=0,$J$3,VLOOKUP(J72,'HOURLY RATES'!B$116:C$124,2,0)) -> 0.05 | I72: =(G72*(1+H72)) -> 19.25 | J72: CY | K72: 2.5 | L72: =K72*I72 -> 48.125 | M72: =IF(VLOOKUP(E72,'HOURLY RATES'!C$6:D$105,2,0)=0,$E$3,VLOOKUP(E72,'HOURLY RATES'!C$6:D$105,2,0)) -> 65 | N72: =M72*L72 -> 3128.125 | O72: 232.3 | P72: =O72*I72 -> 4471.775 | Q72: =P72+N72 -> 7599.9 | S72: =((((N72*(1+$D$7))+(P72*(1+$D$5+$D$6)))*(1+$D$8)))/I72 -> 468.37652 | T72: =S72*I72 -> 9016.248
A73: =IF(J73<>"",1+MAX($A$18:A72),"") -> 37 | B73: PLN-1 | C73: RW-1 | D73: DIV-32 | E73: Site Concrete | F73: Formwork | G73: =(1*I70)*2 -> 220 | H73: =IF(VLOOKUP(J73,'HOURLY RATES'!B$116:C$124,2,0)=0,$J$3,VLOOKUP(J73,'HOURLY RATES'!B$116:C$124,2,0)) -> 0.05 | I73: =(G73*(1+H73)) -> 231 | J73: SF | K73: 0.06 | L73: =K73*I73 -> 13.86 | M73: =IF(VLOOKUP(E73,'HOURLY RATES'!C$6:D$105,2,0)=0,$E$3,VLOOKUP(E73,'HOURLY RATES'!C$6:D$105,2,0)) -> 65 | N73: =M73*L73 -> 900.9 | O73: 1.723 | P73: =O73*I73 -> 398.013 | Q73: =P73+N73 -> 1298.913 | S73: =((((N73*(1+$D$7))+(P73*(1+$D$5+$D$6)))*(1+$D$8)))/I73 -> 6.5920667 | T73: =S73*I73 -> 1522.7674
A74: =IF(J74<>"",1+MAX($A$18:A73),"") -> 38 | B74: PLN-1 | C74: RW-1 | D74: DIV-02 | E74: Earth worker | F74: Backfilling | G74: =2*5.33*I70/27 -> 43.42963 | H74: =IF(VLOOKUP(J74,'HOURLY RATES'!B$116:C$124,2,0)=0,$J$3,VLOOKUP(J74,'HOURLY RATES'!B$116:C$124,2,0)) -> 0.05 | I74: =(G74*(1+H74)) -> 45.601111 | J74: CY | K74: 1.443 | L74: =K74*I74 -> 65.802403 | M74: =IF(VLOOKUP(E74,'HOURLY RATES'!C$6:D$105,2,0)=0,$E$3,VLOOKUP(E74,'HOURLY RATES'!C$6:D$105,2,0)) -> 110.14 | N74: =M74*L74 -> 7247.4767 | P74: =O74*I74 -> 0 | Q74: =P74+N74 -> 7247.4767 | S74: =((((N74*(1+$D$7))+(P74*(1+$D$5+$D$6)))*(1+$D$8)))/I74 -> 183.90024 | T74: =S74*I74 -> 8386.0553
A75: =IF(J75<>"",1+MAX($A$18:A74),"") -> 39 | B75: PLN-1 | C75: RW-1 | D75: DIV-02 | E75: Earth worker | F75: Hauling | G75: =G71-G74 -> 90.953704 | H75: =IF(VLOOKUP(J75,'HOURLY RATES'!B$116:C$124,2,0)=0,$J$3,VLOOKUP(J75,'HOURLY RATES'!B$116:C$124,2,0)) -> 0.05 | I75: =(G75*(1+H75)) -> 95.501389 | J75: CY | K75: 1.5 | L75: =K75*I75 -> 143.25208 | M75: =IF(VLOOKUP(E75,'HOURLY RATES'!C$6:D$105,2,0)=0,$E$3,VLOOKUP(E75,'HOURLY RATES'!C$6:D$105,2,0)) -> 110.14 | N75: =M75*L75 -> 15777.784 | P75: =O75*I75 -> 0 | Q75: =P75+N75 -> 15777.784 | S75: =((((N75*(1+$D$7))+(P75*(1+$D$5+$D$6)))*(1+$D$8)))/I75 -> 191.16449 | T75: =S75*I75 -> 18256.474
A76: =IF(J76<>"",1+MAX($A$18:A75),"") -> 40 | B76: PLN-1 | C76: RW-1 | D76: DIV-32 | E76: Site Concrete | F76: #5 Reinforcement=1159 Lf | G76: 1209 | H76: =IF(VLOOKUP(J76,'HOURLY RATES'!B$116:C$124,2,0)=0,$J$3,VLOOKUP(J76,'HOURLY RATES'!B$116:C$124,2,0)) -> 0.05 | I76: =(G76*(1+H76)) -> 1269.45 | J76: LBS | K76: 0.01 | L76: =K76*I76 -> 12.6945 | M76: =IF(VLOOKUP(E76,'HOURLY RATES'!C$6:D$105,2,0)=0,$E$3,VLOOKUP(E76,'HOURLY RATES'!C$6:D$105,2,0)) -> 65 | N76: =M76*L76 -> 825.1425 | O76: 0.934 | P76: =O76*I76 -> 1185.6663 | Q76: =P76+N76 -> 2010.8088 | S76: =((((N76*(1+$D$7))+(P76*(1+$D$5+$D$6)))*(1+$D$8)))/I76 -> 1.8792989 | T76: =S76*I76 -> 2385.676
A77: =IF(J77<>"",1+MAX($A$18:A76),"") -> 41 | B77: PLN-1 | C77: RW-1 | D77: DIV-32 | E77: Site Concrete | F77: #6 Reinforcement=275 Lf | G77: 412 | H77: =IF(VLOOKUP(J77,'HOURLY RATES'!B$116:C$124,2,0)=0,$J$3,VLOOKUP(J77,'HOURLY RATES'!B$116:C$124,2,0)) -> 0.05 | I77: =(G77*(1+H77)) -> 432.6 | J77: LBS | K77: 0.01 | L77: =K77*I77 -> 4.326 | M77: =IF(VLOOKUP(E77,'HOURLY RATES'!C$6:D$105,2,0)=0,$E$3,VLOOKUP(E77,'HOURLY RATES'!C$6:D$105,2,0)) -> 65 | N77: =M77*L77 -> 281.19 | O77: 0.934 | P77: =O77*I77 -> 404.0484 | Q77: =P77+N77 -> 685.2384 | S77: =((((N77*(1+$D$7))+(P77*(1+$D$5+$D$6)))*(1+$D$8)))/I77 -> 1.8792989 | T77: =S77*I77 -> 812.9847
A78: =IF(J78<>"",1+MAX($A$18:A77),"")
A79: =IF(J79<>"",1+MAX($A$18:A78),"") -> 42 | B79: PLN-1 | C79: RW-1 | D79: DIV-32 | E79: Site Concrete | F79: 5'-0" X 1'-0" Concrete Footing W/ -#5 @12" O.C & (4) #5 Bars Top And (2) #5 Bars Bottom, #6 Dowels At 24" O.C (2'-6" L) | I79: 40 | J79: LF
A80: =IF(J80<>"",1+MAX($A$18:A79),"") -> 43 | B80: PLN-1 | C80: RW-1 | D80: DIV-32 | E80: Earth worker | F80: Excavation | G80: =I79*6*9.5/27 -> 84.444444 | H80: =IF(VLOOKUP(J80,'HOURLY RATES'!B$116:C$124,2,0)=0,$J$3,VLOOKUP(J80,'HOURLY RATES'!B$116:C$124,2,0)) -> 0.05 | I80: =(G80*(1+H80)) -> 88.666667 | J80: CY | K80: 0.385 | L80: =K80*I80 -> 34.136667 | M80: =IF(VLOOKUP(E80,'HOURLY RATES'!C$6:D$105,2,0)=0,$E$3,VLOOKUP(E80,'HOURLY RATES'!C$6:D$105,2,0)) -> 110.14 | N80: =M80*L80 -> 3759.8125 | P80: =O80*I80 -> 0 | Q80: =P80+N80 -> 3759.8125 | S80: =((((N80*(1+$D$7))+(P80*(1+$D$5+$D$6)))*(1+$D$8)))/I80 -> 49.065553 | T80: =S80*I80 -> 4350.479
A81: =IF(J81<>"",1+MAX($A$18:A80),"") -> 44 | B81: PLN-1 | C81: RW-1 | D81: DIV-32 | E81: Site Concrete | F81: Concrete 3000 Psi | G81: =(5*1*I79)/27 -> 7.4074074 | H81: =IF(VLOOKUP(J81,'HOURLY RATES'!B$116:C$124,2,0)=0,$J$3,VLOOKUP(J81,'HOURLY RATES'!B$116:C$124,2,0)) -> 0.05 | I81: =(G81*(1+H81)) -> 7.7777778 | J81: CY | K81: 2.5 | L81: =K81*I81 -> 19.444444 | M81: =IF(VLOOKUP(E81,'HOURLY RATES'!C$6:D$105,2,0)=0,$E$3,VLOOKUP(E81,'HOURLY RATES'!C$6:D$105,2,0)) -> 65 | N81: =M81*L81 -> 1263.8889 | O81: 232.3 | P81: =O81*I81 -> 1806.7778 | Q81: =P81+N81 -> 3070.6667 | S81: =((((N81*(1+$D$7))+(P81*(1+$D$5+$D$6)))*(1+$D$8)))/I81 -> 468.37652 | T81: =S81*I81 -> 3642.9285
A82: =IF(J82<>"",1+MAX($A$18:A81),"") -> 45 | B82: PLN-1 | C82: RW-1 | D82: DIV-32 | E82: Site Concrete | F82: Formwork | G82: =(1*I79)*2 -> 80 | H82: =IF(VLOOKUP(J82,'HOURLY RATES'!B$116:C$124,2,0)=0,$J$3,VLOOKUP(J82,'HOURLY RATES'!B$116:C$124,2,0)) -> 0.05 | I82: =(G82*(1+H82)) -> 84 | J82: SF | K82: 0.06 | L82: =K82*I82 -> 5.04 | M82: =IF(VLOOKUP(E82,'HOURLY RATES'!C$6:D$105,2,0)=0,$E$3,VLOOKUP(E82,'HOURLY RATES'!C$6:D$105,2,0)) -> 65 | N82: =M82*L82 -> 327.6 | O82: 1.723 | P82: =O82*I82 -> 144.732 | Q82: =P82+N82 -> 472.332 | S82: =((((N82*(1+$D$7))+(P82*(1+$D$5+$D$6)))*(1+$D$8)))/I82 -> 6.5920667 | T82: =S82*I82 -> 553.7336
A83: =IF(J83<>"",1+MAX($A$18:A82),"") -> 46 | B83: PLN-1 | C83: RW-1 | D83: DIV-02 | E83: Earth worker | F83: Backfilling | G83: =2*7*I79/27 -> 20.740741 | H83: =IF(VLOOKUP(J83,'HOURLY RATES'!B$116:C$124,2,0)=0,$J$3,VLOOKUP(J83,'HOURLY RATES'!B$116:C$124,2,0)) -> 0.05 | I83: =(G83*(1+H83)) -> 21.777778 | J83: CY | K83: 1.443 | L83: =K83*I83 -> 31.425333 | M83: =IF(VLOOKUP(E83,'HOURLY RATES'!C$6:D$105,2,0)=0,$E$3,VLOOKUP(E83,'HOURLY RATES'!C$6:D$105,2,0)) -> 110.14 | N83: =M83*L83 -> 3461.1862 | P83: =O83*I83 -> 0 | Q83: =P83+N83 -> 3461.1862 | S83: =((((N83*(1+$D$7))+(P83*(1+$D$5+$D$6)))*(1+$D$8)))/I83 -> 183.90024 | T83: =S83*I83 -> 4004.9386
A84: =IF(J84<>"",1+MAX($A$18:A83),"") -> 47 | B84: PLN-1 | C84: RW-1 | D84: DIV-02 | E84: Earth worker | F84: Hauling | G84: =G80-G83 -> 63.703704 | H84: =IF(VLOOKUP(J84,'HOURLY RATES'!B$116:C$124,2,0)=0,$J$3,VLOOKUP(J84,'HOURLY RATES'!B$116:C$124,2,0)) -> 0.05 | I84: =(G84*(1+H84)) -> 66.888889 | J84: CY | K84: 1.5 | L84: =K84*I84 -> 100.33333 | M84: =IF(VLOOKUP(E84,'HOURLY RATES'!C$6:D$105,2,0)=0,$E$3,VLOOKUP(E84,'HOURLY RATES'!C$6:D$105,2,0)) -> 110.14 | N84: =M84*L84 -> 11050.713 | P84: =O84*I84 -> 0 | Q84: =P84+N84 -> 11050.713 | S84: =((((N84*(1+$D$7))+(P84*(1+$D$5+$D$6)))*(1+$D$8)))/I84 -> 191.16449 | T84: =S84*I84 -> 12786.78
A85: =IF(J85<>"",1+MAX($A$18:A84),"") -> 48 | B85: PLN-1 | C85: RW-1 | D85: DIV-32 | E85: Site Concrete | F85: #5 Reinforcement= 445 Lf | G85: 465 | H85: =IF(VLOOKUP(J85,'HOURLY RATES'!B$116:C$124,2,0)=0,$J$3,VLOOKUP(J85,'HOURLY RATES'!B$116:C$124,2,0)) -> 0.05 | I85: =(G85*(1+H85)) -> 488.25 | J85: LBS | K85: 0.01 | L85: =K85*I85 -> 4.8825 | M85: =IF(VLOOKUP(E85,'HOURLY RATES'!C$6:D$105,2,0)=0,$E$3,VLOOKUP(E85,'HOURLY RATES'!C$6:D$105,2,0)) -> 65 | N85: =M85*L85 -> 317.3625 | O85: 0.934 | P85: =O85*I85 -> 456.0255 | Q85: =P85+N85 -> 773.388 | S85: =((((N85*(1+$D$7))+(P85*(1+$D$5+$D$6)))*(1+$D$8)))/I85 -> 1.8792989 | T85: =S85*I85 -> 917.56768
A86: =IF(J86<>"",1+MAX($A$18:A85),"") -> 49 | B86: PLN-1 | C86: RW-1 | D86: DIV-32 | E86: Site Concrete | F86: #6 Reinforcement= 104 Lf | G86: 160 | H86: =IF(VLOOKUP(J86,'HOURLY RATES'!B$116:C$124,2,0)=0,$J$3,VLOOKUP(J86,'HOURLY RATES'!B$116:C$124,2,0)) -> 0.05 | I86: =(G86*(1+H86)) -> 168 | J86: LBS | K86: 0.01 | L86: =K86*I86 -> 1.68 | M86: =IF(VLOOKUP(E86,'HOURLY RATES'!C$6:D$105,2,0)=0,$E$3,VLOOKUP(E86,'HOURLY RATES'!C$6:D$105,2,0)) -> 65 | N86: =M86*L86 -> 109.2 | O86: 0.934 | P86: =O86*I86 -> 156.912 | Q86: =P86+N86 -> 266.112 | S86: =((((N86*(1+$D$7))+(P86*(1+$D$5+$D$6)))*(1+$D$8)))/I86 -> 1.8792989 | T86: =S86*I86 -> 315.72221
A87: =IF(J87<>"",1+MAX($A$18:A86),"")
A88: =IF(J88<>"",1+MAX($A$18:A87),"") | F88: Retaining Wall
A89: =IF(J89<>"",1+MAX($A$18:A88),"") -> 50 | D89: DIV-32 | E89: Site Concrete | F89: 6'-4" High Pre-Cast Segmental Wall | I89: 115 | J89: LF
A90: =IF(J90<>"",1+MAX($A$18:A89),"") -> 51 | D90: DIV-32 | E90: Site Concrete | F90: Precast Segmental Wall 8" X 12" X 16" Block Assumed | G90: =I89*6.33 -> 727.95 | H90: =IF(VLOOKUP(J90,'HOURLY RATES'!B$116:C$124,2,0)=0,$J$3,VLOOKUP(J90,'HOURLY RATES'!B$116:C$124,2,0)) -> 0.05 | I90: =(G90*(1+H90)) -> 764.3475 | J90: SF | K90: 0.257 | L90: =K90*I90 -> 196.43731 | M90: =IF(VLOOKUP(E90,'HOURLY RATES'!C$6:D$105,2,0)=0,$E$3,VLOOKUP(E90,'HOURLY RATES'!C$6:D$105,2,0)) -> 65 | N90: =M90*L90 -> 12768.425 | O90: 17.66 | P90: =O90*I90 -> 13498.377 | Q90: =P90+N90 -> 26266.802 | S90: =((((N90*(1+$D$7))+(P90*(1+$D$5+$D$6)))*(1+$D$8)))/I90 -> 40.642062 | T90: =S90*I90 -> 31064.658
A91: =IF(J91<>"",1+MAX($A$18:A90),"")
A92: =IF(J92<>"",1+MAX($A$18:A91),"") -> 52 | D92: DIV-32 | E92: Site Concrete | F92: 8'-6" High Pre-Cast Segmental Wall 8" X 12" X 16" Block Assumed | I92: 115 | J92: LF
A93: =IF(J93<>"",1+MAX($A$18:A92),"") -> 53 | D93: DIV-32 | E93: Site Concrete | F93: Precast Segmental Wall | G93: =I92*8.5 -> 977.5 | H93: =IF(VLOOKUP(J93,'HOURLY RATES'!B$116:C$124,2,0)=0,$J$3,VLOOKUP(J93,'HOURLY RATES'!B$116:C$124,2,0)) -> 0.05 | I93: =(G93*(1+H93)) -> 1026.375 | J93: SF | K93: 0.257 | L93: =K93*I93 -> 263.77837 | M93: =IF(VLOOKUP(E93,'HOURLY RATES'!C$6:D$105,2,0)=0,$E$3,VLOOKUP(E93,'HOURLY RATES'!C$6:D$105,2,0)) -> 65 | N93: =M93*L93 -> 17145.594 | O93: 17.66 | P93: =O93*I93 -> 18125.783 | Q93: =P93+N93 -> 35271.377 | S93: =((((N93*(1+$D$7))+(P93*(1+$D$5+$D$6)))*(1+$D$8)))/I93 -> 40.642062 | T93: =S93*I93 -> 41713.996
A94: =IF(J94<>"",1+MAX($A$18:A93),"") | F94: Note: (Alternate 1 Bid – Precast Block Segmental Retaining Wall (Item 0506027A) Detail Is Not Given
A95: =IF(J95<>"",1+MAX($A$18:A94),"")
A96: =IF(J96<>"",1+MAX($A$18:A95),"") | D96: DIV-33 | F96: Utilities | R96: =SUM(Q97:Q100) -> 7728.2129
A97: =IF(J97<>"",1+MAX($A$18:A96),"")
A98: =IF(J98<>"",1+MAX($A$18:A97),"") | F98: Utility Pipes
A99: =IF(J99<>"",1+MAX($A$18:A98),"") -> 54 | B99: PLN-1 | C99: RW-1 | D99: DIV-33 | E99: Utilities | F99: 4" Dia Perforated Pvc Drain | G99: 158 | H99: =IF(VLOOKUP(J99,'HOURLY RATES'!B$116:C$124,2,0)=0,$J$3,VLOOKUP(J99,'HOURLY RATES'!B$116:C$124,2,0)) -> 0.05 | I99: =(G99*(1+H99)) -> 165.9 | J99: LF | K99: 0.1334 | L99: =K99*I99 -> 22.13106 | M99: =IF(VLOOKUP(E99,'HOURLY RATES'!C$6:D$105,2,0)=0,$E$3,VLOOKUP(E99,'HOURLY RATES'!C$6:D$105,2,0)) -> 73.43 | N99: =M99*L99 -> 1625.0837 | O99: 36.788 | P99: =O99*I99 -> 6103.1292 | Q99: =P99+N99 -> 7728.2129 | S99: =((((N99*(1+$D$7))+(P99*(1+$D$5+$D$6)))*(1+$D$8)))/I99 -> 55.731491 | T99: =S99*I99 -> 9245.8543
A100: =IF(J100<>"",1+MAX($A$18:A99),"")
A101: SUB TOTAL | K101: Total Lab. Hours = | L101: =SUM(L18:L100) -> 1324.7243 | M101: Total Lab. Cost = | N101: =SUM(N18:N100) -> 106007.47 | O101: Total Mat. Cost = | P101: =SUM(P18:P100) -> 46751.239 | Q101: =SUM(Q18:Q100) -> 152758.71 | R101: =SUM(R18:R100) -> 152758.71 | T101: =SUM(T18:T100) -> 179082.28
A102: MATERIAL TAX | M102: =D5 -> 0.089 | P102: =P101*M102 -> 4160.8602 | Q102: =P102+N102 -> 4160.8602 | R102: =Q102 -> 4160.8602
...

Sheet Dashboard
A1: Project Dashboard
A37: Contentration of Sub-Contractor Cost

Sheet Data for Dashboard
A3: Pie Chart:
B4: Type | C4: Amount
B5: Material | C5: ='COST SUMMARY'!E25 -> 70413.367 | D5: =C5/$C$11 -> 0.31625484
B6: Labor | C6: ='COST SUMMARY'!D25 -> 118978.69 | D6: =C6/$C$11 -> 0.53438129 | E6: Type | F6: Percentage
B7: Material Tax | C7: ='COST SUMMARY'!E26 -> 6266.7896 | D7: =C7/$C$11 -> 0.028146681 | E7: Material Tax | F7: =C7/C5 -> 0.089
B8: Overhead & Profit (Material) | C8: ='COST SUMMARY'!E27 -> 7041.3367 | D8: =C8/$C$11 -> 0.031625484 | E8: Overhead & Profit (Material) | F8: =C8/C5 -> 0.1
B9: Overhead & Profit (Labor) | C9: ='COST SUMMARY'!D28 -> 16657.016 | D9: =C9/$C$11 -> 0.07481338 | E9: Overhead & Profit (Labor) | F9: =C9/C6 -> 0.14
B10: Bond Fee | C10: ='COST SUMMARY'!F29 -> 3290.3579 | D10: =C10/$C$11 -> 0.014778325 | E10: Bond Fee | F10: =C10/SUM(C4:C9) -> 0.015
C11: =SUM(C5:C10) -> 222647.55 | E11: OH & P on subnotes | F11: ='COST SUMMARY'!L13 -> 0.05

Sheet COST SUMMARY
A1: COST SUMMARY
C4: Date: | D4: ='BASE BID'!K4 -> 45929 | K4: Project Type: | L4: ='BASE BID'!K7 -> Private (Non-Prevailing wage)
C5: Project: | D5: ='BASE BID'!K5 -> Replacement Of The Lexington Avenue Retaining Wall | K5: Scope of Work: | L5: Retaining Wall Replacement
C6: Project Location: | D6: ='BASE BID'!K6 -> City OF Norwalk 11, 19 & 21 Snowden Street | K6: Total Base Bid: | L6: =D10 -> 222647.55
B9: BASE BID /ALTERNATES/ALLOWANCES | D9: TOTAL COSTS | J9: Please enter the sub-quotes in column R (Highlighted orange) against each division/trade and update the Overhead & Profit % as required below; column K will be updated automatically with Subquotes with OH&P. If there is no value entered in column R, the cost from column J (by DE) will be picked.
B10: Base Bid | D10: ='BASE BID'!E9 -> 222647.55
B11: Bid Alternate | D11: ='BID ALT.'!E9 -> 179082.28
B12: Separate Permit
B13: Hourly Rates Tab | J13: OH&P on Subquotes | L13: 0.05
J16: For Client's Use Only
B18: CSI Summary for Base Bid | J18: Comparison with Sub-Quotes | M18: Enter the numbers manually
R19: Enter Subquotes below
B20: Div. No. | C20: CSI Division | D20: Labor Cost | E20: Material Cost | F20: Total Cost | G20: % of sub-total cost | J20: Division Cost with OH&P & Material Tax | K20: Sub-Quotes w/ OH&P | L20: Difference | M20: Finalized Bid amount by GC | N20: Remarks
B21: DIV-01 | C21: General Requirements | D21: =SUMIF('BASE BID'!D:D, B21,'BASE BID'!N:N) -> 24839.246 | E21: =SUMIF('BASE BID'!D:D, B21, 'BASE BID'!P:P) -> 0 | F21: =SUMIF('BASE BID'!D:D, B21, 'BASE BID'!Q:Q) -> 24839.246 | G21: =F21/F$25 -> 0.13115253 | J21: =((D21*(1+$G$28))+(E21*(1+$G$26+$G$27)))*(1+$G$29) -> 28741.492 | K21: =IF(R21="",J21,R21*(1+L$13)) -> 0 | L21: =J21-K21 -> 28741.492 | R21: 0
B22: DIV-02 | C22: Existing conditions | D22: =SUMIF('BASE BID'!D:D, B22,'BASE BID'!N:N) -> 37537.161 | E22: =SUMIF('BASE BID'!D:D, B22, 'BASE BID'!P:P) -> 0 | F22: =SUMIF('BASE BID'!D:D, B22, 'BASE BID'!Q:Q) -> 37537.161 | G22: =F22/F$25 -> 0.19819818 | J22: =((D22*(1+$G$28))+(E22*(1+$G$26+$G$27)))*(1+$G$29) -> 43434.249 | K22: =IF(R22="",J22,R22*(1+L$13)) -> 0 | L22: =J22-K22 -> 43434.249 | R22: 0
B23: DIV-32 | C23: Exterior Improvements | D23: =SUMIF('BASE BID'!D:D, B23,'BASE BID'!N:N) -> 54977.196 | E23: =SUMIF('BASE BID'!D:D, B23, 'BASE BID'!P:P) -> 64310.238 | F23: =SUMIF('BASE BID'!D:D, B23, 'BASE BID'!Q:Q) -> 119287.43 | G23: =F23/F$25 -> 0.62984392 | J23: =((D23*(1+$G$28))+(E23*(1+$G$26+$G$27)))*(1+$G$29) -> 141225.96 | K23: =IF(R23="",J23,R23*(1+L$13)) -> 0 | L23: =J23-K23 -> 141225.96 | R23: 0
B24: DIV-33 | C24: Utilities | D24: =SUMIF('BASE BID'!D:D, B24,'BASE BID'!N:N) -> 1625.0837 | E24: =SUMIF('BASE BID'!D:D, B24, 'BASE BID'!P:P) -> 6103.1292 | F24: =SUMIF('BASE BID'!D:D, B24, 'BASE BID'!Q:Q) -> 7728.2129 | G24: =F24/F$25 -> 0.040805371 | J24: =((D24*(1+$G$28))+(E24*(1+$G$26+$G$27)))*(1+$G$29) -> 9245.8543 | K24: =IF(R24="",J24,R24*(1+L$13)) -> 0 | L24: =J24-K24 -> 9245.8543 | R24: 0
C25: SUB TOTAL | D25: =SUM(D21:D24) -> 118978.69 | E25: =SUM(E21:E24) -> 70413.367 | F25: =SUM(F21:F24) -> 189392.05 | G25: =SUM(G8:G24) -> 1 | J25: =SUM(J21:J24) -> 222647.55 | K25: =SUM(K21:K24) -> 0 | L25: =SUM(L21:L24) -> 222647.55 | M25: =SUM(M21:M24) -> 0 | R25: =SUM(R21:R24) -> 0
C26: MATERIAL TAX | D26: 0 | E26: =E25*G26 -> 6266.7896 | F26: =D26+E26 -> 6266.7896 | G26: ='BASE BID'!D5 -> 0.089
C27: OVERHEAD & PROFIT / INFLATION (Material) | D27: 0 | E27: =E25*G27 -> 7041.3367 | F27: =D27+E27 -> 7041.3367 | G27: ='BASE BID'!D6 -> 0.1
C28: OVERHEAD & PROFIT (Labor) | D28: =D25*G28 -> 16657.016 | E28: 0 | F28: =D28+E28 -> 16657.016 | G28: ='BASE BID'!D7 -> 0.14
C29: Bond Fee | F29: =SUM(F25:F28)*G29 -> 3290.3579 | G29: ='BASE BID'!D8 -> 0.015
C30: TOTAL BASE BID | F30: =F25+F26+F27+F28+F29 -> 222647.55
J32: For Client's Use Only
B34: Sub-Contractor/Trade Summary for Base Bid | J34: Comparison with Sub-Quotes | M34: Enter the numbers manually
R35: Enter Subquotes below
B36: Sub Contractor | D36: Labor Cost | E36: Material Cost | F36: Total Cost | G36: % of sub-total cost | J36: Sub Contractor Cost with OH&P & Material Tax | K36: Sub-Quotes w/ OH&P | L36: Difference | M36: Finalized Bid amount by GC | N36: Remarks
B37: General Requirements | D37: =SUMIF('BASE BID'!E:E, B37, 'BASE BID'!N:N) -> 24839.246 | E37: =SUMIF('BASE BID'!E:E, B37, 'BASE BID'!P:P) -> 0 | F37: =SUMIF('BASE BID'!E:E, B37, 'BASE BID'!Q:Q) -> 24839.246 | G37: =F37/F$25 -> 0.13115253 | J37: =((D37*(1+$G$44))+(E37*(1+$G$43+$G$42)))*(1+$G$45) -> 28741.492 | K37: =IF(R37="",J37,R37*(1+L$13)) -> 0 | L37: =J37-K37 -> 28741.492 | R37: 0
B38: Earth worker | D38: =SUMIF('BASE BID'!E:E, B38, 'BASE BID'!N:N) -> 47280.269 | E38: =SUMIF('BASE BID'!E:E, B38, 'BASE BID'!P:P) -> 0 | F38: =SUMIF('BASE BID'!E:E, B38, 'BASE BID'!Q:Q) -> 47280.269 | G38: =F38/F$25 -> 0.24964231 | J38: =((D38*(1+$G$44))+(E38*(1+$G$43+$G$42)))*(1+$G$45) -> 54708 | K38: =IF(R38="",J38,R38*(1+L$13)) -> 0 | L38: =J38-K38 -> 54708 | R38: 0
B39: Site Concrete | D39: =SUMIF('BASE BID'!E:E, B39, 'BASE BID'!N:N) -> 45234.087 | E39: =SUMIF('BASE BID'!E:E, B39, 'BASE BID'!P:P) -> 64310.238 | F39: =SUMIF('BASE BID'!E:E, B39, 'BASE BID'!Q:Q) -> 109544.32 | G39: =F39/F$25 -> 0.57839979 | J39: =((D39*(1+$G$44))+(E39*(1+$G$43+$G$42)))*(1+$G$45) -> 129952.21 | K39: =IF(R39="",J39,R39*(1+L$13)) -> 0 | L39: =J39-K39 -> 129952.21 | R39: 0
B40: Utilities | D40: =SUMIF('BASE BID'!E:E, B40, 'BASE BID'!N:N) -> 1625.0837 | E40: =SUMIF('BASE BID'!E:E, B40, 'BASE BID'!P:P) -> 6103.1292 | F40: =SUMIF('BASE BID'!E:E, B40, 'BASE BID'!Q:Q) -> 7728.2129 | G40: =F40/F$25 -> 0.040805371 | J40: =((D40*(1+$G$44))+(E40*(1+$G$43+$G$42)))*(1+$G$45) -> 9245.8543 | K40: =IF(R40="",J40,R40*(1+L$13)) -> 0 | L40: =J40-K40 -> 9245.8543 | R40: 0
B41: SUB TOTAL | D41: =SUM(D37:D40) -> 118978.69 | E41: =SUM(E37:E40) -> 70413.367 | F41: =SUM(F37:F40) -> 189392.05 | G41: =SUM(G37:G40) -> 1 | J41: =SUM(J37:J40) -> 222647.55 | K41: =SUM(K37:K40) -> 0 | L41: =SUM(L37:L40) -> 222647.55 | M41: =SUM(M37:M40) -> 0 | R41: =SUM(R37:R40) -> 0
B42: MATERIAL TAX | D42: 0 | E42: =E41*G42 -> 6266.7896 | F42: =D42+E42 -> 6266.7896 | G42: =G26 -> 0.089
B43: OVERHEAD & PROFIT / INFLATION (Material) | D43: 0 | E43: =E41*G43 -> 7041.3367 | F43: =D43+E43 -> 7041.3367 | G43: =G27 -> 0.1
B44: OVERHEAD & PROFIT (Labor) | D44: =D41*G44 -> 16657.016 | E44: 0 | F44: =D44+E44 -> 16657.016 | G44: =G28 -> 0.14
B45: Bond Fee | F45: =SUM(F41:F44)*G45 -> 3290.3579 | G45: =G29 -> 0.015
B46: TOTAL BASE BID | F46: =F41+F42+F43+F44+F45 -> 222647.55

Sheet HOURLY RATES
B2: Note: Adjusting the per hour labor rate in the table below will automatically update the labor pricing for whole project. To bypass the per hour labor rate for a single item, please put the per hour labor rate against that item in column M of relative tab.
B4: Please don’t edit anything below, without the approval of the Manager (Estimating Department)
B5: CSI Div. | C5: Sub-Contractor/Trade List | D5: Hourly Rates
B6: DIV-1 | C6: General Requirements | D6: 66.11 | F6: CLICK HERE TO GO BACK TO COST SUMMARY
B7: DIV-10 | C7: Accessories | D7: 58.98
B8: DIV-09 | C8: Acoustical and Metal Ceiling | D8: 61.44
B9: DIV-11 | C9: Appliances | D9: 62.07
B10: DIV-02 | C10: Asbestos Worker | D10: 63.13
B11: DIV-10 | C11: Awnings / Canopies | D11: 63.73
B12: DIV-12 | C12: Cabinetry | D12: 58.98
B13: DIV-06 | C13: Carpenter Millwork | D13: 58.98
B14: DIV-09 | C14: Ceiling - Others | D14: 61.44
B15: DIV-07 | C15: Cladding - Metal | D15: 68.29
B16: DIV-06 | C16: Cladding - Wood | D16: 58.46
B17: DIV-06 | C17: Cladding - Other | D17: 63.38
B18: DIV-09 | C18: Clean - Power Wash | D18: 47.92
... B104: DIV-10 | C104: Wire Shelving | D104: 58.98
B105: DIV-00 | C105: Z
B106: DIV-01 | C106: Z
B115: Unit | C115: Wastage
B116: EA | C116: ='BASE BID'!D$11 -> 0
B117: LF | C117: ='BASE BID'!D$12 -> 0.05
B118: SF | C118: ='BASE BID'!D$12 -> 0.05
B119: SY | C119: ='BASE BID'!D$12 -> 0.05
B120: LBS | C120: ='BASE BID'!D$12 -> 0.05
B121: TONS | C121: ='BASE BID'!D$12 -> 0.05
B122: CY | C122: ='BASE BID'!D$12 -> 0.05
B123: LS | C123: ='BASE BID'!D$11 -> 0

Sheet Data for Rough Cost
A1: Categories | B1: Commercial | C1: Residential | D1: Type | E1: Code | F1: Default1 | G1: Default2 | H1: Default3 | I1: Default4 | J1: Default5 | K1: Default6 | L1: Default7 | M1: Default8 | N1: Default9 | O1: Default10 | P1: Default11 | Q1: Default12 | R1: Default13 | S1: Default14 | T1: Default15 | U1: Default16 | V1: Default17 | W1: Default18 | X1: Default19 | Y1: Default20 | Z1: Default21 | AA1: Default22 | AB1: Default23 | AC1: Default24 | AD1: Default25 | AE1: Default26 | AF1: Default27 | AG1: Default28 | AH1: Default29 | AI1: Default30 | AJ1: Default31 | AK1: Default32 | AL1: Default33 | AM1: Default34 | AN1: Default35 | AO1: Default36 | AP1: Default37 | AQ1: Default38 | AR1: Default39 | AS1: Default40 | AT1: Default41 | AU1: Default42 | AV1: Default43 | AW1: Default44 | AX1: Default45 | AY1: Default46 | AZ1: Default47 | BA1: Default48 | BB1: Default49 | BC1: Default50 | BD1: Default51 | BE1: Default52 | BF1: Default53 | BG1: Default54 | BH1: Default55 | BI1: Default56 | BJ1: Default57 | BK1: Default58 | BL1: Default59 | BM1: Default60 | BN1: Default61 | BO1: Default62 | BP1: Default63 | BQ1: Default64 | BR1: Default65 | BS1: Default66 | BT1: Default67 | BU1: Default68 | BV1: Default69 | BW1: Default70 | BX1: Default71 | BY1: Default72 | BZ1: Default73 | CA1: Default74 | CB1: Default75 | CC1: Default76 | CD1: Default77 | CE1: Default78 | CF1: Default79 | CG1: Default80 | CH1: Default81 | CI1: Default82 | CJ1: Default83 | CK1: Default84 | CL1: Default85 | CM1: Default86 | CN1: Default87 | CO1: Default88 | CP1: Default89 | CQ1: Default90 | CR1: Default91 | CS1: Default92 | CT1: Default93 | CU1: Default94 | CV1: Default95 | CW1: Default96 | CX1: Default97 | CY1: Default98 | CZ1: Default99 | DA1: Default100 | DB1: Default101 | DC1: Economy1 | DD1: Economy2 | DE1: Economy3 | DF1: Economy4 | DG1: Economy5 | DH1: Economy6 | DI1: Economy7 | DJ1: Economy8 | DK1: Average1 | DL1: Average2 | DM1: Average3 | DN1: Average4 | DO1: Average5 | DP1: Average6 | DQ1: Average7 | DR1: Average8 | DS1: Average9 | DT1: Average10 | DU1: Average11 | DV1: Average12 | DW1: Custom1 | DX1: Custom2 | DY1: Custom3 | DZ1: Custom4 | EA1: Custom5 | EB1: Custom6 | EC1: Custom7 | ED1: Custom8 | EE1: Custom9 | EF1: Custom10 | EG1: Luxury1 | EH1: Luxury2 | EI1: Luxury3 | EJ1: Luxury4 | EK1: Luxury5 | EL1: Luxury6 | EM1: Luxury7 | EN1: Luxury8 | EO1: Luxury9 | EP1: Luxury10
A2: Commercial | B2: Default | C2: Economy | D2: Apartment 1-3 Story | E2: Default1 | F2: Brick Veneer/Reinforced Concrete | G2: Brick Veneer/Reinforced Concrete | H2: Brick Veneer/Reinforced Concrete | I2: Brick Veneer & Concrete Block / Bearing Walls | J2: Concrete Block/Bearing Walls | K2: Face Brick & Concrete Block/Reinforced Concrete | L2: Face Brick & Concrete Block/Reinforced Concrete | M2: Concrete Block/Steel Roof Deck | N2: Decorative Concrete Block/Bearing walls | O2: Concrete Block/Bearing Walls | P2: Decorative Concrete Block/Steel Truss | Q2: Brick Veneer/Wood Frame | R2: Decorative Concrete Block/Steel Joist | S2: Brick Veneer/Reinforced Concrete | T2: Brick Veneer/Reinforced Concrete | U2: Decorative Concrete Block/Bearing walls | V2: Decorative Concrete Block/Reinforced Concrete | W2: Decorative Concrete Block/Reinforced Concrete | X2: Brick Veneer/Reinforced Concrete | Y2: Brick Veneer/ Rigid Steel | Z2: Decorative Concrete Block/Bearing walls | AA2: Face Brick & Concrete Block/Reinforced Concrete | AB2: Decorative Concrete Block/Bearing walls | AC2: Brick Veneer/ Reinforeced Concrete | AD2: Face Brick & Concrete Block/Reinforced Concrete | AE2: Face Brick & Concrete Block/Reinforced Concrete | AF2: Brick Veneer/wood Frame | AG2: Concrete Block/Bearing Wall | AH2: Face Brick & Common Brick/Reinforced Concrete | AI2: Decorative Concrete Block/Bearing walls | AJ2: Decorative Concrete Block/Bearing walls | AK2: Decorative Concrete Block/Precast Concrete | AL2: Decorative Concrete Block/Precast Concrete | AM2: Aluminum Clapboard/Wood Frame | AN2: Aluminum Clapboard/Wood Frame | AO2: Aluminum Clapboard/Wood Frame | AP2: E.I.F.S. & Concrete Block/Rigid Steel | AQ2: Cast in Place Concrete/Reinforced Concrete | AR2: Cast in Place Concrete/Steel Joists | AS2: Aluminum Clapboard/Wood Frame | AT2: Cast in Place Concrete/Reinforced Concrete | AU2: Cast in Place Concrete/Reinforced Concrete | AV2: Concrete Block/Bearing Walls | AW2: Brick Veneer/Wood Frame | AX2: Brick Veneer/Reinforced Concrete | AY2: Brick Veneer/Reinforced Concrete | AZ2: Brick Veneer/Reinforced Concrete | BA2: Cast in Place Concrete/Rigid Steel | BB2: Decorative Concrete Block/Bearing walls | BC2: Face Brick & Concrete Block/Reinforced Concrete | BD2: Face Brick & Concrete Block/Reinforced Concrete | BE2: Brick Veneer/Reinforced Concrete | BF2: Brick Veneer/Wood Truss | BG2: Brick Veneer/Reinforced Concrete | BH2: Brick Veneer/Wood Frame | BI2: Aluminum Clapboard/Wood Frame | BJ2: Aluminum Clapboard/Wood Frame | BK2: Brick Veneer/Wood Frame | BL2: Brick Veneer/Wood Frame | BM2: Conrete Block/Steel Joists | BN2: Face Brick & Concrete Block/Bearing walls | BO2: Brick Veneer/Reinforced Concrete | BP2: Brick Veneer/Wood Truss | BQ2: Brick Veneer/Reinforced Concrete | BR2: Curtain Wall/Reinforced Conrete | BS2: Brick Veneer/Reinforced Concrete | BT2: Brick Veneer/Wood Frame | BU2: Brick Veneer/Reinforced Concrete | BV2: Face Brick & Concrete Block/Reinforced Concrete | BW2: Brick Veneer/Rigid Steel | BX2: Decorative Concrete Block/Bearing walls | BY2: Decorative Concrete Block/Bearing walls | BZ2: Aluminum Clapboard/Wood Truss | CA2: Decorative Concrete Block/Bearing walls | CB2: Brick Veneer/Rigid Steel | CC2: Face Brick & Concrete Block/Steel Joists | CD2: Brick Veneer/Wood Frame | CE2: E.I.F.S./Reinforced Concrete | CF2: Fiber Cement/Rigid Steel | CG2: Brick Veneer/Reinforced Concrete | CH2: Decorative Concrete Block/Bearing walls | CI2: Brick Veneer/Reinforced Concrete | CJ2: Decorative Concrete Block/Reinforced Concrete | CK2: Brick Veneer/Reinforced Concrete | CL2: Decorative Concrete Block/Bearing walls | CM2: Decorative Concrete Block/Bearing walls | CN2: Decorative Concrete Block/Bearing walls | CO2: Face Brick/Wood Frame | CP2: Decorative Concrete Block/Reinforced Concrete | CQ2: Face Brick & Concrete Block/Reinforced Concrete | CR2: Brick Veneer/Reinforced Concrete | CS2: Brick Veneer/Reinforced Concrete | CT2: Face Brick & Concrete Block/Bearing Walls | CU2: Concrete Block/Precast Concrete | CV2: Decorative Concrete Block/Bearing walls | CW2: Brick Veneer/Wood Frame | CX2: Face Brick & Concrete Block/Reinforced Concrete | CY2: Brick Veneer/Wood Truss | CZ2: Brick Veneer/Reinforced Concrete | DA2: Concrete Block/Bearing Walls | DB2: Concrete Block/Reinforced Concrete | DC2: Brick Veneer - Wood Frame | DD2: Brick Veneer - Wood Frame | DE2: Brick Veneer - Wood Frame | DF2: Brick Veneer - Wood Frame | DG2: Brick Veneer - Wood Frame | DH2: Brick Veneer - Wood Frame | DI2: Brick Veneer - Wood Frame | DJ2: Brick Veneer - Wood Frame | DK2: Brick Veneer - Wood Frame | DL2: Brick Veneer - Wood Frame | DM2: Brick Veneer - Wood Frame | DN2: Brick Veneer - Wood Frame | DO2: Brick Veneer - Wood Frame | DP2: Brick Veneer - Wood Frame | DQ2: Brick Veneer - Wood Frame | DR2: Brick Veneer - Wood Frame | DS2: Brick Veneer - Wood Frame | DT2: Brick Veneer - Wood Frame | DU2: 6" Log - Solid Wall | DV2: 6" Log - Solid Wall | DW2: Brick Veneer - Wood Frame | DX2: Brick Veneer - Wood Frame | DY2: Brick Veneer - Wood Frame | DZ2: Brick Veneer - Wood Frame | EA2: Brick Veneer - Wood Frame | EB2: Brick Veneer - Wood Frame | EC2: Brick Veneer - Wood Frame | ED2: Brick Veneer - Wood Frame | EE2: Brick Veneer - Wood Frame | EF2: Brick Veneer - Wood Frame | EG2: Brick Veneer - Wood Frame | EH2: Brick Veneer - Wood Frame | EI2: Brick Veneer - Wood Frame | EJ2: Brick Veneer - Wood Frame | EK2: Brick Veneer - Wood Frame | EL2: Brick Veneer - Wood Frame | EM2: Brick Veneer - Wood Frame | EN2: Brick Veneer - Wood Frame | EO2: Brick Veneer - Wood Frame | EP2: Brick Veneer - Wood Frame
A3: Residential | C3: Average | D3: Apartment 4-7 Story | E3: Default2 | F3: Brick Veneer/Rigid Steel | G3: Brick Veneer/Rigid Steel | H3: Brick Veneer/Rigid Steel | I3: Brick Veneer & Concrete Block / Wood Truss | J3: Concrete Block/Rigid Steel | K3: Face Brick & Concrete Block/Rigid Steel | L3: Face Brick & Concrete Block/Rigid Steel | M3: Decorative Concrete Block/Steel Roof Deck | N3: Decorative Concrete Block/Rigid Steel | O3: Concrete Block/Rigid Steel | P3: Decorative Concrete Block/Wood Arch | Q3: Stone Ashlar & Cocnrete block/Steel Joist | R3: Decorative Concrete Block/Wood Joist | S3: Brick Veneer/Rigid Steel | T3: Brick Veneer/Rigid Steel | U3: Decorative Concrete Block/Rigid Steel | V3: Decorative Concrete Block/Rigid Steel | W3: Decorative Concrete Block/Rigid Steel | X3: Brick Veneer/Rigid Steel | Y3: Brick Veneer/ Reinforced Concrete | Z3: Decorative Concrete Block/Rigid Steel | AA3: Face Brick & Concrete Block/Rigid Steel | AB3: Decorative Concrete Block/Rigid Steel | AC3: Curtain Wall/Rigid steel | AD3: Face Brick & Concrete Block/Rigid Steel | AE3: Face Brick & Concrete Block/Rigid Steel | AF3: Decorative Concrete Block/Bearing walls | AG3: Concrete Block/Rigid Steel | AH3: Face Brick & Common Brick/Rigid Steel | AI3: Decorative Concrete Block/Steel Joist | AJ3: Decorative Concrete Block/Steel Joist | AK3: Decorative Concrete Block/Steel Joists | AL3: Decorative Concrete Block/Steel Joists | AM3: Decorative Concrete Block/Wood Joists | AN3: Brick Veneer/Wood Frame | AO3: Brick Veneer/Wood Frame | AP3: Face Brick & Concrete Block/Bearing walls | AQ3: Cast in Place Concrete/Rigid Steel | AR3: Cast in Place Concrete/Wood Joists | AS3: Face Brick & Concrete Block/Steel Joists | AT3: Concrete Block/Rigid Steel | AU3: Concrete Block/Rigid Steel | AV3: Concrete Block/Rigid Steel | AW3: Curtain Wall/Rigid steel | AX3: Curtain Wall/Rigid steel | AY3: Curtain Wall/Rigid steel | AZ3: Curtain Wall/Rigid steel | BA3: Face Brick & Concrete Block/Reinforced Concrete | BB3: Decorative Concrete Block/Rigid Steel | BC3: Face Brick & Concrete Block/Rigid Steel | BD3: Face Brick & Concrete Block/Rigid Steel | BE3: E.I.F.S./Rigid Steel | BF3: Face Brick & Concrete Block/Steel Joists | BG3: E.I.F.S./Rigid Steel | BH3: Face Brick & Concrete Block/Steel Joists | BI3: Brick Veneer/Wood Frame | BJ3: Brick Veneer/Wood Frame | BK3: Decorative Concrete Block/Precast Concrete | BL3: Decorative Concrete Block/Precast Concrete | BM3: Decorative Concrete Block/Steel Joists | BN3: Face Brick & Concrete Block/Rigid Steel | BO3: E.I.F.S./Rigid Steel | BP3: E.I.F.S. & Metal Studs/Steel Roof Deck | BQ3: Curtain Wall/Rigid Steel | BR3: Curtain Wall/Rigid Steel | BS3: E.I.F.S./Rigid Steel | BT3: Curtain Wall/Reinforced Conrete | BU3: Curtain Wall/Rigid Steel | BV3: Face Brick & Concrete Block/Rigid Steel | BW3: Brick Veneer/Wood Truss | BX3: Decorative Concrete Block/Reinforced Concrete | BY3: Decorative Concrete Block/Reinforced Concrete | BZ3: Metal Panel & Wood Studs/Wood Truss | CA3: Decorative Concrete Block/Rigid Steel | CB3: Concrete Block/Rigid Steel | CC3: Face Brick & Concrete Block/Wood Joists | CF3: Stone Veneer/Rigid Steel | CG3: E.I.F.S./Rigid Steel | CH3: Decorative Concrete Block/Rigid Steel | CI3: E.I.F.S./Rigid Steel | CJ3: Decorative Concrete Block/Rigid Steel | CK3: E.I.F.S./Rigid Steel | CL3: Decorative Concrete Block/Rigid Steel | CM3: Decorative Concrete Block/Rigid Steel | CN3: Decorative Concrete Block/Rigid Steel | CO3: Metal Sandwich Panel/Rigid Steel | CP3: Decorative Concrete Block/Steel Joists | CQ3: Face Brick & Concrete Block/Rigid Steel | CR3: E.I.F.S. & Metal Studs/Steel Joists | CS3: Curtain Wall/Rigid Steel | CT3: Face Brick & Concrete Block/Rigid Steel | CU3: Concrete Block/Wood Frame | CV3: Decorative Concrete Block/Rigid Steel | CW3: E.I.F.S./Wood Frame | CX3: Face Brick & Concrete Block/Rigid Steel | CY3: E.I.F.S./Steel Joists | CZ3: E.I.F.S./Rigid Steel | DA3: Concrete Block/Rigid Steel | DB3: Concrete Block/Rigid Steel | DC3: Painted Concrete Block | DD3: Painted Concrete Block | DE3: Painted Concrete Block | DF3: Painted Concrete Block | DG3: Painted Concrete Block | DH3: Painted Concrete Block | DI3: Painted Concrete Block | DJ3: Painted Concrete Block | DK3: Solid Masonry | DL3: Solid Masonry | DM3: Solid Masonry | DN3: Solid Masonry | DO3: Solid Masonry | DP3: Solid Masonry | DQ3: Solid Masonry | DR3: Solid Masonry | DS3: Solid Masonry | DT3: Solid Masonry | DU3: 8" Log - Solid Wall | DV3: 8" Log - Solid Wall | DW3: Solid Masonry | DX3: Solid Masonry | DY3: Solid Masonry | DZ3: Solid Masonry | EA3: Solid Masonry | EB3: Solid Masonry | EC3: Solid Masonry | ED3: Solid Masonry | EE3: Solid Masonry | EF3: Solid Masonry | EG3: Solid Brick | EH3: Solid Brick | EI3: Solid Brick | EJ3: Solid Brick | EK3: Solid Brick | EL3: Solid Brick | EM3: Solid Brick | EN3: Solid Brick | EO3: Solid Brick | EP3: Solid Brick
C4: Custom | D4: Apartment 8-24 Story | E4: Default3 | F4: E.I.F.S. & Metal studs/Rigid Steel | G4: Cuttain Wall/Rigid Steel | H4: Cuttain Wall/Rigid Steel | I4: Brick Veneer / Rigid Steel | J4: Decorative Concrete Block/Bearing Walls | K4: Limestone & Concrete Block/Reinforced Concrete | L4: Limestone & Concrete Block/Reinforced Concrete | M4: Face Brick & Concrete Block/Steel Roof Deck | N4: Face Brick & Concrete Block/Bearing walls | O4: Face Brick & Concrete Block/Bearing walls | P4: Face Brick & Concrete Block/Steel Truss | Q4: Stone Ashlar & Cocnrete block/Wood Truss | R4: Face Brick & Concrete Block/Steel Joist | S4: Cutain Wall/Rigid Steel | T4: Cutain Wall/Rigid Steel | U4: Face Brick & Concrete Block/Bearing walls | V4: Face Brick & Concrete Block/Reinforced Concrete | W4: Face Brick & Concrete Block/Reinforced Concrete | X4: Curtain Wall/Rigid Steel | Y4: Curtain wall/ Rigid Steel | Z4: Face Brick & Concrete Block/Bearing walls | AA4: Limestone & Concrete Block/Reinforced Concrete | AB4: Face Brick & Concrete Block/Bearing walls | AC4: E.I.F.S./Rigid Steel | AD4: Limestone & Concrete Block/Reinforced Concrete | AE4: Limestone & Concrete Block/Reinforced Concrete | AF4: Face Brick & Concrete Block/Steel Joist | AG4: Face Brick & Common Brick/Rigid Steel | AH4: Face Brick & Concrete Block/Reinforced Concrete | AI4: Face Brick & Concrete Block/Bearing walls | AJ4: Face Brick & Concrete Block/Bearing walls | AK4: Face Brick & Concrete Block/Precast Concrete | AL4: Face Brick & Concrete Block/Precast Concrete | AM4: Face Brick & Concrete Block/Bearing walls | AN4: Face Brick & Concrete Block/Wood Truss | AO4: Face Brick & Concrete Block/Wood Truss | AP4: Face Brick & Concrete Block/Rigid Steel | AQ4: Face Brick & Concrete Block/Precast Concrete | AR4: Concrete Block/Steel Joists | AS4: Face Brick & Concrete Block/Wood Truss | AT4: Concrete Block/Wood Arch | AU4: Concrete Block/Wood Arch | AV4: Metal Panel/Rigid Steel | AW4: E.I.F.S./Reinforced Concrete | AX4: E.I.F.S./Reinforced Concrete | AY4: E.I.F.S./Reinforced Concrete | AZ4: E.I.F.S./Reinforced Concrete | BA4: Face Brick & Concrete Block/Rigid Steel | BB4: Face Brick & Concrete Block/Bearing walls | BC4: Limestone & Concrete Block/Reinforced Concrete | BD4: Limestone & Concrete Block/Reinforced Concrete | BE4: Fiber Cement/Rigid Steel | BF4: Face Brick & Concrete Block/Wood Truss | BG4: Fiber Cement/Rigid Steel | BH4: Face Brick & Concrete Block/Wood Joists | BI4: Conrete Block/Wood Truss | BJ4: Face Brick & Concrete Block/Wood Truss | BK4: Decorative Concrete Block/Wood Joists | BL4: Decorative Concrete Block/Wood Joists | BM4: Face Brick & Concrete Block/Steel Joists | BN4: Precast Concrete/Bearing walls | BO4: Fiber Cement/Rigid Steel | BP4: Face Brick & Concrete Block/Steel Roof Deck | BQ4: E.I.F.S./Reinforced Concrete | BR4: Face Brick & Concrete Block/Reinforced Concrete | BS4: Fiber Cement/Rigid Steel | BT4: Curtain Wall/Rigid Steel | BU4: E.I.F.S./Reinforced Concrete | BV4: Limestone & Concrete Block/Reinforced Concrete | BW4: Decorative Concrete Block/Bearing walls | BX4: Face Brick & Concrete Block/Bearing Walls | BY4: Face Brick & Concrete Block/Bearing Walls | BZ4: Plywood Siding/Wood Truss | CA4: Face Brick & Concrete Block/Bearing Walls | CB4: Face Brick & Concrete Block/Bearing Walls | CC4: Limestone & Concrete Block/Steel Joists | CF4: Stucco/Reinforced Concrete | CG4: Fiber Cement/Rigid Steel | CH4: Face Brick & Concrete Block/Bearing Walls | CI4: Fiber Cement/Rigid Steel | CJ4: Face Brick & Concrete Block/Reinforced Concrete | CK4: Fiber Cement/Rigid Steel | CL4: Face Brick & Concrete Block/Bearing Walls | CM4: Face Brick & Concrete Block/Bearing Walls | CN4: Face Brick & Concrete Block/Bearing Walls | CO4: Precast Concrete/Rigid Steel | CP4: Face Brick & Concrete Block/Reinforced Concrete | CQ4: Face Brick & Metal Studs/Reinforced Concrete | CR4: Fiber Cement/Wood Frame | CS4: E.I.F.S./Rigid Steel | CT4: Metal Sandwich Panel/Rigid Steel | CU4: Face Brick & Concrete Block/Precast Concrete | CV4: Face Brick & Concrete Block/Bearing Walls | CW4: Face Brick & Concrete Block/Steel Joists | CX4: Limestone & Concrete Block/Reinforced Concrete | CY4: E.I.F.S./Wood Truss | CZ4: Metal Panel/Rigid Steel | DA4: Face Brick & Concrete Block/Bearing walls | DB4: Metal Sandwich Panel/Rigid Steel | DC4: Stucco on Wood Frame | DD4: Stucco on Wood Frame | DE4: Stucco on Wood Frame | DF4: Stucco on Wood Frame | DG4: Stucco on Wood Frame | DH4: Stucco on Wood Frame | DI4: Stucco on Wood Frame | DJ4: Stucco on Wood Frame | DK4: Stucco on Wood Frame | DL4: Stucco on Wood Frame | DM4: Stucco on Wood Frame | DN4: Stucco on Wood Frame | DO4: Stucco on Wood Frame | DP4: Stucco on Wood Frame | DQ4: Stucco on Wood Frame | DR4: Stucco on Wood Frame | DS4: Stucco on Wood Frame | DT4: Stucco on Wood Frame | DW4: Stone Veneer - Wood Frame | DX4: Stone Veneer - Wood Frame | DY4: Stone Veneer - Wood Frame | DZ4: Stone Veneer - Wood Frame | EA4: Stone Veneer - Wood Frame | EB4: Stone Veneer - Wood Frame | EC4: Stone Veneer - Wood Frame | ED4: Stone Veneer - Wood Frame | EE4: Stone Veneer - Wood Frame | EF4: Stone Veneer - Wood Frame | EG4: Solid Stone | EH4: Solid Stone | EI4: Solid Stone | EJ4: Solid Stone | EK4: Solid Stone | EL4: Solid Stone | EM4: Solid Stone | EN4: Solid Stone | EO4: Solid Stone | EP4: Solid Stone
C5: Luxury | D5: Assisted - Senior Living | E5: Default4 | F5: Fiber Cement/Wood Frame | G5: E.I.F.S. & Metal studs/Rigid Steel | H5: E.I.F.S./Rigid Steel | I5: Brick Veneer / Wood Frame | J5: Face Brick & Concrete Block/Bearing Walls | K5: Limestone & Concrete Block/Rigid Steel | L5: Limestone & Concrete Block/Rigid Steel | M5: Jumbo Brick & Concrete Block/Steel Roof Deck | N5: Face Brick & Concrete Block/Rigid Steel | O5: Face Brick & Concrete Block/Rigid Steel | P5: Face Brick & Concrete Block/Rigid Wood Arch | Q5: Stucco & Cocnrete Block/Steel Joist | R5: Face Brick & Concrete Block/Wood Joist | S5: Fiber Cement/Wood Frame | T5: Fiber Cement/Wood Frame | U5: Face Brick & Concrete Block/Rigid Steel | V5: Face Brick & Concrete Block/Rigid Steel | W5: Face Brick & Concrete Block/Rigid Steel | X5: E.I.F.S./Rigid Steel | Y5: E.I.F.S./Rigid Steel | Z5: Face Brick & Concrete Block/Rigid Steel | AA5: Limestone & Concrete Block/Rigid Steel | AB5: Face Brick & Concrete Block/Rigid Steel | AC5: Fiber Cement/ Rigid Steel | AD5: Limestone & Concrete Block/Rigid Steel | AE5: Limestone & Concrete Block/Rigid Steel | AF5: Stucco & Concrete Block/Wood Truss | AG5: Metal Panel/Rigid Steel | AH5: Face Brick & Concrete Block/Rigid Steel | AI5: Face Brick & Concrete Block/Steel Joists | AJ5: Face Brick & Concrete Block/Steel Joists | AK5: Face Brick & Concrete Block/Steel Joists | AL5: Face Brick & Concrete Block/Steel Joists | AM5: Stucco & Concrete Block/Bearing walls | AN5: Limestone & Concrete Block/Wood Truss | AO5: Limestone & Concrete Block/Wood Truss | AP5: Stucco & Concrete Block/Bearing walls | AQ5: Face Brick & Concrete Block/Rigid Steel | AR5: Concrete Block/Wood Joists | AS5: Face Brick & Glazed Block/Steel Joists | AT5: Face Brick & Concrete Block/Rigid Steel | AU5: Face Brick & Concrete Block/Rigid Steel | AV5: Metal Sandwich Panel/Rigid Steel | AW5: Fiber Cement/Wood Frame | AX5: Fiber Cement/Rigid Steel | AY5: Fiber Cement/Rigid Steel | AZ5: Fiber Cement/Rigid Steel | BA5: Reinforced Concrete/Reinforced Concrete | BB5: Face Brick & Concrete Block/Rigid Steel | BC5: Limestone & Concrete Block/Rigid Steel | BD5: Limestone & Concrete Block/Rigid Steel | BE5: Precast Concrete/Reinforced Concrete | BF5: Stucco & Concrete Block/Steel Joists | BG5: Precast Concrete/Reinforced Concrete | BH5: Stucco & Concrete Block/Steel Joists | BI5: Face Brick & Concrete Block/Wood Truss | BJ5: Precast Concrete/Wood Truss | BK5: Stucco & Concrete Block/Precast Concrete | BL5: Stucco & Concrete Block/Precast Concrete | BM5: Metal Sandwich Panel/Steel Joists | BN5: Precast Concrete/Rigid Steel | BO5: Precast Concrete/Reinforced Concrete | BP5: Face Brick & Concrete Block/Wood Truss | BQ5: E.I.F.S./Rigid Steel | BR5: Face Brick & Concrete Block/Rigid Steel | BS5: Precast Concrete/Reinforced Concrete | BT5: Face Brick & Concrete Block/Steel Joists | BU5: E.I.F.S./Rigid Steel | BV5: Limestone & Concrete Block/Rigid Steel | BW5: Decorative Concrete Block/Rigid Steel | BX5: Face Brick & Concrete Block/Reinforced Concrete | BY5: Face Brick & Concrete Block/Reinforced Concrete | BZ5: Wood Clapboard/Wood Truss | CA5: Face Brick & Concrete Block/Rigid Steel | CB5: Face Brick & Concrete Block/Rigid Steel | CC5: Limestone & Concrete Block/Wood Joists | CF5: Wood Clapboard/Wood Frame | CG5: Metal Panel/Rigid Steel | CH5: Face Brick & Concrete Block/Rigid Steel | CI5: Metal Panel/Rigid Steel | CJ5: Face Brick & Concrete Block/Rigid Steel | CK5: Metal Panel/Rigid Steel | CL5: Face Brick & Concrete Block/Rigid Steel | CM5: Face Brick & Concrete Block/Rigid Steel | CN5: Face Brick & Concrete Block/Rigid Steel | CO5: Stucco & Concrete Block/Bearing Walls | CP5: Face Brick & Concrete Block/Rigid Steel | CQ5: Face Brick & Metal Studs/Rigid Steel | CR5: Stone Veneer/Rigid Steel | CS5: Metal Panel/Rigid Steel | CT5: Precast Concrete/Rigid Steel | CU5: Face Brick & Concrete Block/Wood Truss | CV5: Face Brick & Concrete Block/Rigid Steel | CW5: Face Brick & Concrete Block/Wood Joists | CX5: Limestone & Concrete Block/Rigid Steel | CY5: Face Brick & Concrete Block/Wood Truss | CZ5: Pre-Engineered Metal Building/Rigid Steel | DA5: Metal Panel/Rigid Steel | DB5: Precast Concrete/Reinforced Concrete | DC5: Wood Siding - Wood Frame | DD5: Wood Siding - Wood Frame | DE5: Wood Siding - Wood Frame | DF5: Wood Siding - Wood Frame | DG5: Wood Siding - Wood Frame | DH5: Wood Siding - Wood Frame | DI5: Wood Siding - Wood Frame | DJ5: Wood Siding - Wood Frame | DK5: Wood Siding - Wood Frame | DL5: Wood Siding - Wood Frame | DM5: Wood Siding - Wood Frame | DN5: Wood Siding - Wood Frame | DO5: Wood Siding - Wood Frame | DP5: Wood Siding - Wood Frame | DQ5: Wood Siding - Wood Frame | DR5: Wood Siding - Wood Frame | DS5: Wood Siding - Wood Frame | DT5: Wood Siding - Wood Frame | DW5: Wood Siding - Wood Frame | DX5: Wood Siding - Wood Frame | DY5: Wood Siding - Wood Frame | DZ5: Wood Siding - Wood Frame | EA5: Wood Siding - Wood Frame | EB5: Wood Siding - Wood Frame | EC5: Wood Siding - Wood Frame | ED5: Wood Siding - Wood Frame | EE5: Wood Siding - Wood Frame | EF5: Wood Siding - Wood Frame | EG5: Wood Siding - Wood Frame | EH5: Wood Siding - Wood Frame | EI5: Wood Siding - Wood Frame | EJ5: Wood Siding - Wood Frame | EK5: Wood Siding - Wood Frame | EL5: Wood Siding - Wood Frame | EM5: Wood Siding - Wood Frame | EN5: Wood Siding - Wood Frame | EO5: Wood Siding - Wood Frame | EP5: Wood Siding - Wood Frame
D6: Auditurium | E6: Default5 | F6: Stone Veneer / Wood Frame | G6: Precast Concrete/Reinforced Concrete | H6: Precast Concrete/Reinforced Concrete | I6: Vinyl Clapboard / Wood Frame | J6: Face Brick & Concrete Block/Rigid Steel | K6: Precast Concrete / Reinforced Concrete | L6: Precast Concrete / Reinforced Concrete | M6: Precast Concrete/Steel Roof Deck | N6: Precast Concrete/Bearing walls | O6: Metal Panel/Rigid Steel | P6: Stone & Concrete Block/Steel Truss | Q6: Stucco & Cocnrete Block/Wood Truss | R6: Stone Ashlar & Cocnrete block/Steel Joist | S6: Stone Veneer/Reinforced Concrete | T6: Stone Veneer/Reinforced Concrete | U6: Stucco & Concrete Block/Bearing walls | V6: Precast Concrete/Reinforced Concrete | W6: Precast Concrete/Reinforced Concrete | X6: Precast Concrete/Precast Concrete | Y6: Precast Concrete/Reinforced Concrete | Z6: Stucco & Concrete Block/Bearing walls | AA6: Precast Concrete / Reinforced Concrete | AB6: Tilt-up Concrete Panels/Bearing walls | AC6: Metal Panel / Reinforced Concrete | AD6: Stone & Concrete Block/ Reinforced Concrete | AE6: Stone & Concrete Block/ Reinforced Concrete | AF6: Tilt-up Concrete Panels/Steel Joists | AG6: Precast Concrete/Rigid Steel | AH6: Stucco & Concrete Block/Reinforced Concrete | AI6: Limestone & Concrete Block/Bearing walls | AJ6: Limestone & Concrete Block/Bearing walls | AK6: Limestone & Concrete Block/Precast Concrete | AL6: Limestone & Concrete Block/Precast Concrete | AM6: Wood Board and Batten/Wood Frame | AN6: Stucco & Concrete Block/Wood Truss | AO6: Stucco & Concrete Block/Wood Truss | AP6: Stucco & Concrete Block/Rigid Steel | AQ6: Precast Concrete / Precast Concrete | AR6: Metal Panel/Rigid Steel | AS6: Metal Sandwich Panel/Rigid Steel | AT6: Face Brick & Concrete Block/Wood Arch | AU6: Face Brick & Concrete Block/Wood Arch | AV6: Precast Concrete/Bearing Walls | AW6: Metal Panel/Reinforced Concrete | AX6: Metal Panel/Rigid Steel | AY6: Precast Concrete/Reinforced Concrete | AZ6: Precast Concrete/Reinforced Concrete | BA6: Stucco & Concrete Block/Reinforced Concrete | BB6: Metal Sandwich Panel/Rigid Steel | BC6: Precast Concrete/Reinforced Concrete | BD6: Precast Concrete/Reinforced Concrete | BE6: Stone Veneer/Wood Frame | BF6: Stucco & Concrete Block/Wood Truss | BG6: Stone Veneer/Wood Frame | BH6: Stucco & Concrete Block/Wood Joists | BI6: Wood Clapboard/Wood Frame | BJ6: Wood Clapboard/Wood Frame | BK6: Stucco & Concrete Block/Wood Joists | BL6: Stucco & Concrete Block/Wood Joists | BM6: Precast Concrete/Steel Joists | BN6: Stucco & Concrete Block/Bearing walls | BO6: Stone Veneer/Wood Frame | BP6: Tilt-up Concrete Panels/Steel Roof Deck | BQ6: Metal Panel/Reinforced Concrete | BR6: Precast Concrete/Reinforced Concrete | BS6: Stone Veneer/Wood Frame | BT6: Face Brick & Concrete Block/Wood Joists | BU6: Metal Panel/Reinforced Concrete | BV6: Precast Concrete/Reinforced Concrete | BW6: E.I.F.S. & Concrete Block/Rigid Steel | BX6: Limestone & Concrete Block/Bearing Walls | BY6: Limestone & Concrete Block/Bearing Walls | CA6: Limestone & Concrete Block/Bearing Walls | CB6: Metal Panel/Rigid Steel | CC6: Stucco & Concrete Block/Steel Joists | CG6: Stone Veneer/Reinforced Concrete | CH6: Stucco & Concrete Block/Bearing Walls | CI6: Stone Veneer/Reinforced Concrete | CJ6: Limestone & Concrete Block/Reinforced Concrete | CK6: Stone Veneer/Reinforced Concrete | CL6: Stucco & Concrete Block/Bearing Walls | CM6: Metal Panel & Metal Studs/Rigid Steel | CN6: Metal Panel & Metal Studs/Rigid Steel | CO6: Stucco & Concrete Block/Rigid Steel | CP6: Precast Concrete/Reinforced Concrete | CQ6: Precast Concrete/Reinforced Concrete | CR6: Stucco/Reinforced Concrete | CS6: Stucco/Reinforced Concrete | CT6: Stucco & Concrete Block/Bearing Walls | CU6: Metal Sandwich Panel/Wood Truss | CV6: Limestone & Concrete Block/Bearing Walls | CW6: Stone & Concrete Block/Steel Joists | CX6: Stone & Concrete Block/Reinforced Concrete | CY6: Tilt-up Concrete Panels/Steel Joists | CZ6: Precast Concrete/Reinforced Concrete | DA6: Metal Sandwich Panel/Rigid Steel | DB6: Precast Concrete/Rigid Steel
D7: Bank | E7: Default6 | F7: Stucco & Concrete Block/Reinforced concrete | G7: Stucco/Reinforced concrete | H7: Stucco/Reinforced concrete | I7: Wood ClapBoard / Wood Frame | J7: Precast Concrete / Rigid steel | K7: Precast Concrete / Rigid steel | L7: Precast Concrete / Rigid steel | M7: Stucco & Concrete Block/Steel Roof Deck | N7: Precast Concrete/Rigid Steel | O7: Metal Sandwich Panel/Rigid Steel | P7: Stone & Concrete Block/Rigid Wood Arch | Q7: Wood Shingles/wood Frame | R7: Stone Ashlar & Cocnrete block/Wood Truss | S7: Stone Veneer/Wood Frame | T7: Stone Veneer/Wood Frame | U7: Stucco & Concrete Block/Rigid Steel | V7: Precast Concrete/Rigid Steel | W7: Precast Concrete/Rigid Steel | X7: Stone Veneer/Wood Frame | Y7: Stone Veneer/Reinforced Concrete | Z7: Stucco & Concrete Block/Rigid Steel | AA7: Precast Concrete / Rigid steel | AB7: Tilt-up Concrete Panels/Rigid Steel | AC7: Stone Veneer/ Wood Frame | AD7: Stone & Concrete Block/ Rigid steel | AE7: Stone & Concrete Block/ Rigid steel | AF7: Wood Clapboard/Wood Frame. | AG7: Tilt-up Concrete Panels/Rigid Steel | AH7: Stucco & Concrete Block/Rigid Steel | AI7: Limestone & Concrete Block/Steel Joists | AJ7: Limestone & Concrete Block/Steel Joists | AK7: Limestone & Concrete Block/Steel Joists | AL7: Limestone & Concrete Block/Steel Joists | AM7: Wood Clapboard/Wood Frame | AN7: Wood Board and Batten/Wood Frame | AO7: Wood Board and Batten/Wood Frame | AP7: Tilt-up Concrete Panels/Rigid Steel | AQ7: Precast Concrete / Rigid steel | AR7: Stucco/Wood Frame | AS7: Wood Clapboard/Wood Frame | AT7: Metal Sandwich Panel/Rigid Steel | AU7: Metal Sandwich Panel/Rigid Steel | AV7: Precast Concrete/Rigid Steel | AW7: Stone Veneer/Rigid Steel | AX7: Stone Veneer/Reinforced Concrete | AY7: Stone Veneer/Rigid Steel | AZ7: Stone Veneer/Rigid Steel | BA7: Stucco & Concrete Block/Rigid Steel | BB7: Precast Concrete/Bearing Walls | BC7: Precast Concrete/Rigid Steel | BD7: Precast Concrete/Rigid Steel | BE7: Vinyl Clapboard/Wood Frame | BF7: Wood Clapboard/Wood Frame | BG7: Vinyl Clapboard/Wood Frame | BH7: Wood Clapboard/Wood Frame | BI7: Wood Shingles/Wood Frame | BJ7: Wood Shingles/Wood Frame | BK7: Wood Clapboard/Wood Frame | BL7: Wood Clapboard/Wood Frame | BM7: Tilt-up Concrete Panels/Steel Joists | BN7: Stucco & Concrete Block/Steel Joists | BO7: Vinyl Clapboard/Wood Frame | BP7: Wood Clapboard/Wood Truss | BQ7: Stone Veneer/Rigid Steel | BR7: Precast Concrete/Rigid Steel | BS7: Vinyl Clapboard/Wood Frame | BT7: Wood Clapboard/Wood Frame | BU7: Stone Veneer/Rigid Steel | BV7: Precast Concrete/Rigid Steel | BW7: Tilt-up Concrete Panels/Rigid Steel | BX7: Limestone & Concrete Block/Reinforced Concrete | BY7: Limestone & Concrete Block/Reinforced Concrete | CA7: Limestone & Concrete Block/Rigid Steel | CB7: Metal Sandwich Panel/Rigid Steel | CC7: Stucco & Concrete Block/Wood Joists | CG7: Tilt-up Concrete Panels/Reinforced Concrete | CH7: Stucco & Concrete Block/Rigid Steel | CI7: Tilt-up Concrete Panels/Reinforced Concrete | CJ7: Limestone & Concrete Block/Rigid Steel | CK7: Tilt-up Concrete Panels/Reinforced Concrete | CL7: Stucco & Concrete Block/Rigid Steel | CM7: Metal Sandwich Panel/Rigid Steel | CN7: Metal Sandwich Panel/Rigid Steel | CO7: Wood Clapboard/Wood Frame | CP7: Precast Concrete/Steel Joists | CQ7: Precast Concrete/Rigid Steel | CR7: Vinyl Clapboard/Wood Frame | CS7: Tilt-up Concrete Panels/Reinforced Concrete | CT7: Stucco & Concrete Block/Rigid Steel | CU7: Precast Concrete/Precast Concrete | CV7: Limestone & Concrete Block/Rigid Steel | CW7: Stone & Concrete Block/Wood Joists | CX7: Stone & Concrete Block/Rigid Steel | CY7: Wood Clapboard/Wood Truss | CZ7: Tilt-up Concrete Panels/Reinforced Concrete | DA7: Tilt-up Concrete Panels/Rigid Steel | DB7: Tilt-up Concrete Panels/Reinforced Concrete
D8: Bank (Green) | E8: Default7
D9: Bowling Alley | E9: Default8
D10: Bus Terminal | E10: Default9
D11: Car Wash | E11: Default10
D12: Church | E12: Default11
D13: Club, Country | E13: Default12
D14: Cub, Social | E14: Default13
D15: College, Classroom, 2-3 Story | E15: Default14
D16: College, Dormitory, 2-3Story | E16: Default15
D17: College, Classroom, 2-3 Story (Green) | E17: Default16
D18: College, Dormitory, 2-3Story (Green) | E18: Default17
D19: College, Dormitory, 4-8Story (Green) | E19: Default18
... D142: Luxury Tri level | E142: Luxury10
